Workbook
Name _1Excel_BuiltIn_Print_Area_1_1_1: 'Прил 1'!$A$1:$C$38
Name _2Excel_BuiltIn_Print_Area_7_1_1: #REF!
Name _2Excel_BuiltIn_Print_Area_7_1_1: #REF!
Name _Toc105952698: 'Прил 3 '!$A$2
Name _Toc105952698: #REF!
Name Excel_BuiltIn_Print_Area_1: 'Прил 1'!$A$1:$C$38
Name Excel_BuiltIn_Print_Area_1_1: 'Прил 1'!$A$1:$C$38
Name Excel_BuiltIn_Print_Area_2: #REF!
Name Excel_BuiltIn_Print_Area_2: #REF!
Name Excel_BuiltIn_Print_Area_3: #REF!
Name Excel_BuiltIn_Print_Area_3_1: #REF!
Name Excel_BuiltIn_Print_Area_3_1: #REF!
Name Excel_BuiltIn_Print_Area_4: #REF!
Name Excel_BuiltIn_Print_Area_4: #REF!
Name Excel_BuiltIn_Print_Area_5: 'Прил 3 '!$A$1:$I$46
Name Excel_BuiltIn_Print_Area_5: #REF!
Name Excel_BuiltIn_Print_Area_5_1: 'Прил 3 '!$A$1:$I$46
Name Excel_BuiltIn_Print_Area_5_1: #REF!
Name Excel_BuiltIn_Print_Area_6: 'Прил 2'!$A$1:$G$48
Name Excel_BuiltIn_Print_Area_6_1: 'Прил 2'!$A$1:$G$48
Name Excel_BuiltIn_Print_Area_7: #REF!
Name Excel_BuiltIn_Print_Area_7: #REF!
Name Excel_BuiltIn_Print_Area_7_1: #REF!
Name Excel_BuiltIn_Print_Area_7_1: #REF!

Sheet Прил 1
C1: Приложение 1 к решению Совета депутатов Паевского сельского поселения "О бюджете Паевского сельского поселения Кадошкинского муниципального района Республики Мордовия на 2022 год и на плановый период 2023 и 2024 годов"
A2: ДОХОДЫ БЮДЖЕТА ПАЕВСКОГО СЕЛЬСКОГО ПОСЕЛЕНИЯ КАДОШКИНСКОГО МУНИЦИПАЛЬНОГО РАЙОНА РЕСПУБЛИКИ МОРДОВИЯ
C3: (тыс.рублей)
A4: Код бюджетной классификации доходов бюджета | B4: Наименование доходов | C4: Сумма
C5: 2022 год | D5: 2023 год | E5: 2024 год
A6: 1 | B6: 2 | C6: 3 | D6: 4 | E6: 5
B7: ВСЕГО ДОХОДОВ | C7: =C8+C28+C40 -> 4187.4064 | D7: =SUM(D8+D28) -> 1027.4 | E7: =SUM(E8+E28) -> 1103.2
A8: 00010000000000000000 | B8: НАЛОГОВЫЕ И НЕНАЛОГОВЫЕ ДОХОДЫ | C8: =C9+C12+C14+C16+C19+C25+C21+C23 -> 1371.4464 | D8: =D9+D12+D14+D16+D19+D25+D21 -> 475.7 | E8: =E9+E12+E14+E16+E19+E25+E21 -> 511.6
A9: 00010100000000000000 | B9: НАЛОГИ НА ПРИБЫЛЬ, ДОХОДЫ | C9: =SUM(C10) -> 59 | D9: =SUM(D10) -> 23 | E9: =SUM(E10) -> 52
A10: 00010102000010000110 | B10: Налог на доходы физических лиц | C10: =SUM(C11) -> 59 | D10: =SUM(D11) -> 23 | E10: =SUM(E11) -> 52
A11: 18210102010010000110 | B11: Налог на доходы физических лиц с доходов, источником которых является налоговый агент, за исключением доходов, в отношении которых исчисление и уплата налога осуществляются в соответствии со статьями 227, 2271 и 228 Налогового кодекса Российской Федерации | C11: =48+11 -> 59 | D11: 23 | E11: 52
A12: 00010500000000000000 | B12: НАЛОГИ НА СОВОКУПНЫЙ ДОХОД | C12: =SUM(C13) -> 11 | D12: =SUM(D13) -> 7 | E12: =SUM(E13) -> 7 | F12: ,
A13: 18210503010010000110 | B13: Единый сельскохозяйственный налог | C13: =7+4 -> 11 | D13: 7 | E13: 7
A14: 00010600000000000000 | B14: НАЛОГИ НА ИМУЩЕСТВО | C14: =SUM(C15) -> 74 | D14: =SUM(D15) -> 78 | E14: =SUM(E15) -> 80
A15: 18210601030100000110 | B15: Налог на имущество физических лиц, взимаемый по ставкам, применяемым к объектам налогообложения, расположенным в границах сельских поселений | C15: =74+10-10 -> 74 | D15: 78 | E15: 80 | F15: -10
A16: 00010606000000000110 | B16: Земельный налог | C16: =SUM(C17+C18) -> 416.1 | D16: =SUM(D17+D18) -> 321 | E16: =SUM(E17+E18) -> 324
A17: 18210606033100000110 | B17: Земельный налог с организаций, обладающих земельным участком, расположенным в границах сельских поселений | C17: =85+45 -> 130 | D17: 85 | E17: 85
A18: 18210606043100000110 | B18: Земельный налог с физических лиц, обладающих земельным участком, расположенным в границах сельских поселений | C18: =235+30+21.1 -> 286.1 | D18: 236 | E18: 239 | F18: +21,1
A19: 00011100000000000000 | B19: ДОХОДЫ ОТ ИСПОЛЬЗОВАНИЯ ИМУЩЕСТВА, НАХОДЯЩЕГОСЯ В ГОСУДАРСТВЕННОЙ И МУНИЦИПАЛЬНОЙ СОБСТВЕННОСТИ | C19: =SUM(C20) -> 44.9 | D19: =SUM(D20) -> 46.7 | E19: =SUM(E20) -> 48.6
A20: 91811105035100000120 | B20: Доходы от сдачи в аренду имущества, находящегося в оперативном управлении органов управления поселений и созданных ими учреждений (за исключением имущества муниципальных бюджетных и автономных учреждений) | C20: 44.9 | D20: 46.7 | E20: 48.6
A21: 00011300000000000000 | B21: ДОХОДЫ ОТ ОКАЗАНИЯ ПЛАТНЫХ УСЛУГ И КОМПЕНСАЦИИ ЗАТРАТ ГОСУДАРСТВА | C21: =C22 -> 64.45889 | D21: =D22 -> 0 | E21: =E22 -> 0
A22: 91811302995100000130 | B22: Прочие доходы от компенсации затрат бюджетов сельских поселений | C22: =40.25889+19.5+4.7 -> 64.45889 | D22: 0 | E22: 0
A23: 00011400000000000000 | B23: ДОХОДЫ ОТ ПРОДАЖИ МАТЕРИАЛЬНЫХ И НЕМАТЕРИАЛЬНЫХ АКТИВОВ | C23: =C24 -> 393.4975 | D23: =D24 -> 0 | E23: =E24 -> 0
A24: 91811406025100000430 | B24: Доходы от продажи земельных участков, находящихся в собственности сельских поселений (за исключением земельных участков муниципальных бюджетных и автономных учреждений) | C24: 393.4975 | D24: 0 | E24: 0
A25: 00011700000000000000 | B25: ПРОЧИЕ НЕНАЛОГОВЫЕ ДОХОДЫ | C25: =C26 -> 308.49 | D25: =D26 -> 0 | E25: =E26 -> 0
A26: 91811714000000000150 | B26: Средства самообложения граждан | C26: =C27 -> 308.49 | D26: =D27 -> 0 | E26: =E27 -> 0
A27: 91811714030100000150 | B27: Средства самообложения граждан, зачисляемые в бюджеты сельских поселений | C27: =172.66+46.56+89.27 -> 308.49 | D27: 0 | E27: 0
A28: 00020200000000000000 | B28: БЕЗВОЗМЕЗДНЫЕ ПОСТУПЛЕНИЯ ОТ ДРУГИХ БЮДЖЕТОВ БЮДЖЕТНОЙ СИСТЕМЫ РОССИЙСКОЙ ФЕДЕРАЦИИ | C28: =SUM(C34+C37+C29+C32) -> 2785.96 | D28: =SUM(D34+D37+D29+D32) -> 551.7 | E28: =SUM(E34+E37+E29+E32) -> 591.6
A29: 00020210000000000150 | B29: Дотации бюджетам бюджетной системы Российской Федерации | C29: =C30+C31 -> 426.1 | D29: =D30+D31 -> 73.8 | E29: =E30+E31 -> 88.7
A30: 91820215001100000150 | B30: Дотации бюджетам сельских поселений на выравнивание бюджетной обеспеченности | C30: 76.9 | D30: 73.8 | E30: 88.7
A31: 91820215002100000150 | B31: Дотации бюджетам сельских поселений на поддержку мер по обеспечению сбалансированности бюджетов | C31: 349.2 | D31: 0 | E31: 0
A32: 00020220000000000150 | B32: Субсидии бюджетам бюджетной системы Российской Федерации (межбюджетные субсидии) | C32: =C33 -> 650 | D32: =D33 -> 0 | E32: =E33 -> 0
A33: 91820229999100000150 | B33: Прочие субсидии бюджетам сельских поселений | C33: =500+100+50 -> 650 | D33: 0 | E33: 0
A34: 00020230000000000150 | B34: Субвенции бюджетам бюджетной системы Российской Федерации | C34: =SUM(C35+C36) -> 95.4 | D34: =SUM(D35+D36) -> 92.9 | E34: =SUM(E35+E36) -> 96.1
A35: 91820230024100000150 | B35: Субвенции на осуществление государственных полномочий Республики Мордовия по определению перечня должностных лиц, уполномоченных составлять протоколы об административных правонарушениях, предусмотренных Законом Республики Мордовия от 15 июня 2015 года № 38-З "Об административной ответственности на территории Республики Мордовия" | C35: 0.1 | D35: 0.1 | E35: 0.1
A36: 91820235118100000150 | B36: Субвенции бюджетам сельских поселений на осуществление первичного воинского учета на территориях, где отсутствуют военные комиссариаты | C36: =89.8+5.5 -> 95.3 | D36: 92.8 | E36: 96
A37: 00020240000000000150 | B37: Иные межбюджетные трансферты | C37: =C38+C39 -> 1614.46 | D37: =SUM(D38) -> 385 | E37: =SUM(E38) -> 406.8
A38: 91820240014100000150 | B38: Межбюджетные трансферты, передаваемые бюджетам сельских поселений из бюджетов муниципальных районов на осуществление части полномочий по решению вопросов местного значения в соответствии с заключенными соглашениями | C38: =354.6+25.4+7.1-6.6 -> 380.5 | D38: =359.6+25.4 -> 385 | E38: =381.4+25.4 -> 406.8
A39: 91820249999100000150 | B39: Прочие межбюджетные трансферты, передаваемые бюджетам сельских поселений | C39: 1233.96 | D39: 0 | E39: 0
A40: 00020700000000000000 | B40: ПРОЧИЕ БЕЗВОЗМЕЗДНЫЕ ПОСТУПЛЕНИЯ | C40: =C41 -> 30 | D40: =D41 -> 0 | E40: =E41 -> 0
A41: 91820705030100000150 | B41: Прочие безвозмездные поступления в бюджеты сельских поселений | C41: =10+10+10 -> 30 | D41: 0 | E41: 0

Sheet Прил 2
J1: Приложение 2 к решению Совета депутатов Паевского сельского поселения "О бюджете Паевского сельского поселения Кадошкинского муниципального района Республики Мордовия на 2022 год и на плановый период 2023 и 2024 годов"
A2: ВЕДОМСТВЕННАЯ СТРУКТУРА РАСХОДОВ БЮДЖЕТА ПАЕВСКОГО СЕЛЬСКОГО ПОСЕЛЕНИЯ КАДОШКИНСКОГО МУНИЦИПАЛЬНОГО РАЙОНА РЕСПУБЛИКИ МОРДОВИЯ НА 2022 ГОД И НА ПЛАНОВЫЙ ПЕРИОД 2023 И 2024 ГОДОВ
L3: (тыс. рублей)
A4: Наименование | B4: Адм | C4: Рз | D4: Прз | E4: Цср | I4: Вр | J4: Сумма
J5: 2022 год | K5: 2023 год | L5: 2024 год
A6: 1 | B6: 2 | C6: 3 | D6: 4 | E6: 5 | F6: 6 | G6: 7 | H6: 8 | I6: 9 | J6: 10 | K6: 11 | L6: 12
A7: ВСЕГО | J7: =J8 -> 4187.3975 | K7: =K8 -> 957 | L7: =L8 -> 1009.4
A8: Администрация Паевского сельского поселения Кадошкинского муниципального района Республики Мордовия | B8: 918 | J8: =J9+J62+J77+J84+J103+J110+J71 -> 4187.3975 | K8: =K9+K62+K77+K84+K103+K110+K71+K117 -> 957 | L8: =L9+L62+L77+L84+L103+L110+L71+L117 -> 1009.4
A9: Общегосударственные вопросы | B9: 918 | C9: 01 | J9: =J10+J19+J43+J49 -> 1982.31 | K9: =K10+K19+K43+K49 -> 369.7 | L9: =L10+L19+L43+L49 -> 377.1
A10: Функционирование высшего должностного лица субъекта Российской Федерации и муниципального образования | B10: 918 | C10: 01 | D10: 02 | J10: =J11 -> 490.49104 | K10: =K11 -> 134.5 | L10: =L11 -> 134.3
A11: Обеспечение деятельности администрации | B11: 918 | C11: 01 | D11: 02 | E11: 65 | J11: =J12 -> 490.49104 | K11: =K12 -> 134.5 | L11: =L12 -> 134.3
A12: Высшее должностное лицо | B12: 918 | C12: 01 | D12: 02 | E12: 65 | F12: 1 | J12: =J13+J16 -> 490.49104 | K12: =K13+K16 -> 134.5 | L12: =L13+L16 -> 134.3
A13: Расходы на выплаты по оплате труда высшего должностного лица | B13: 918 | C13: 01 | D13: 02 | E13: 65 | F13: 1 | G13: 00 | H13: 41150 | J13: =J14 -> 339.1 | K13: =K14 -> 134.5 | L13: =L14 -> 134.3
A14: Расходы на выплаты персоналу в целях обеспечения выполнения функций государственными (муниципальными) органами, казенными учреждениями, органами управления государственными внебюджетными фондами | B14: 918 | C14: 01 | D14: 02 | E14: 65 | F14: 1 | G14: 00 | H14: 41150 | I14: 100 | J14: =J15 -> 339.1 | K14: =K15 -> 134.5 | L14: =L15 -> 134.3
A15: Расходы на выплаты персоналу государственных (муниципальных) органов | B15: 918 | C15: 01 | D15: 02 | E15: 65 | F15: 1 | G15: 00 | H15: 41150 | I15: 120 | J15: =223.2-44.1+30+26+13+46+30+15 -> 339.1 | K15: 134.5 | L15: 134.3
A16: Субсидии на софинансирование расходных обязательств по финансовому обеспечению деятельности органов местного самоуправления и муниципальных учреждений | B16: 918 | C16: 01 | D16: 02 | E16: 65 | F16: 1 | G16: 00 | H16: 44205 | J16: =J17 -> 151.39104 | K16: =K17 -> 0 | L16: =L17 -> 0
A17: Расходы на выплаты персоналу в целях обеспечения выполнения функций государственными (муниципальными) органами, казенными учреждениями, органами управления государственными внебюджетными фондами | B17: 918 | C17: 01 | D17: 02 | E17: 65 | F17: 1 | G17: 00 | H17: 44205 | I17: 100 | J17: =J18 -> 151.39104 | K17: =K18 -> 0 | L17: =L18 -> 0
A18: Расходы на выплаты персоналу государственных (муниципальных) органов | B18: 918 | C18: 01 | D18: 02 | E18: 65 | F18: 1 | G18: 00 | H18: 44205 | I18: 120 | J18: =95.45+30+18+7.94104 -> 151.39104 | K18: 0 | L18: 0
A19: Функционирование Правительства Российской Федерации, высших органов исполнительной власти субъектов Российской Федерации, местных администраций | B19: 918 | C19: 01 | D19: 04 | J19: =J20+J38 -> 1489.319 | K19: =K20+K38 -> 232.7 | L19: =L20+L38 -> 240.3
A20: Обеспечение деятельности администрации | B20: 918 | C20: 01 | D20: 04 | E20: 65 | J20: =J21 -> 1489.219 | K20: =K21 -> 232.6 | L20: =L21 -> 240.2
A21: Непрограммные расходы в рамках обеспечения деятельности администрации | B21: 918 | C21: 01 | D21: 04 | E21: 65 | F21: 2 | J21: =J23+J25+J31 -> 1489.219 | K21: =K23+K25 -> 232.6 | L21: =L23+L25 -> 240.2
A22: Расходы на выплаты по оплате труда работников органов местного самоуправления | B22: 918 | C22: 01 | D22: 04 | E22: 65 | F22: 2 | G22: 00 | H22: 41110 | J22: =J23 -> 658.8 | K22: =K23 -> 164 | L22: =L23 -> 119.8
A23: Расходы на выплаты персоналу в целях обеспечения выполнения функций государственными (муниципальными) органами, казенными учреждениями, органами управления государственными внебюджетными фондами | B23: 918 | C23: 01 | D23: 04 | E23: 65 | F23: 2 | G23: 00 | H23: 41110 | I23: 100 | J23: =J24 -> 658.8 | K23: =K24 -> 164 | L23: =L24 -> 119.8
A24: Расходы на выплаты персоналу государственных (муниципальных) органов | B24: 918 | C24: 01 | D24: 04 | E24: 65 | F24: 2 | G24: 00 | H24: 41110 | I24: 120 | J24: =425.3-8.8-44.1-15.8+60+50+15.5+14.7+70+32+60 -> 658.8 | K24: =234.4-70.4 -> 164 | L24: =213.6-93.8 -> 119.8
A25: Расходы на обеспечение функций органов местного самоуправления | B25: 918 | C25: 01 | D25: 04 | E25: 65 | F25: 2 | G25: 00 | H25: 41120 | J25: =J26+J28 -> 325.75 | K25: =K26+K28 -> 68.6 | L25: =L26+L28 -> 120.4
A26: Закупка товаров, работ и услуг для обеспечения государственных (муниципальных) нужд | B26: 918 | C26: 01 | D26: 04 | E26: 65 | F26: 2 | G26: 00 | H26: 41120 | I26: 200 | J26: =J27 -> 242.3 | K26: =K27 -> 42.8 | L26: =L27 -> 94.6
A27: Иные закупки товаров, работ и услуг для обеспечения государственных (муниципальных) нужд | B27: 918 | C27: 01 | D27: 04 | E27: 65 | F27: 2 | G27: 00 | H27: 41120 | I27: 240 | J27: =95.1+116.4-17-0.9+50+2.7-46+7.2+20+3.7+11.1 -> 242.3 | K27: 42.8 | L27: 94.6 | M27: +11,1
A28: Иные бюджетные ассигнования | B28: 918 | C28: 01 | D28: 04 | E28: 65 | F28: 2 | G28: 00 | H28: 41120 | I28: 800 | J28: =J30+J29 -> 83.45 | K28: =K30 -> 25.8 | L28: =L30 -> 25.8
A29: Исполнение судебных актов | B29: 918 | C29: 01 | D29: 04 | E29: 65 | F29: 2 | G29: 00 | H29: 41120 | I29: 830 | J29: =1+10.1+1+3 -> 15.1 | K29: 0 | L29: 0
A30: Уплата налогов, сборов и иных платежей | B30: 918 | C30: 01 | D30: 04 | E30: 65 | F30: 2 | G30: 00 | H30: 41120 | I30: 850 | J30: =10.6+8.8+1+39+8.95 -> 68.35 | K30: 25.8 | L30: 25.8
A31: Субсидии на софинансирование расходных обязательств по финансовому обеспечению деятельности органов местного самоуправления и муниципальных учреждений | B31: 918 | C31: 01 | D31: 04 | E31: 65 | F31: 2 | G31: 00 | H31: 44205 | J31: =J32+J34+J36 -> 504.66896 | K31: =K32+K34 -> 0 | L31: =L32+L34 -> 0
A32: Расходы на выплаты персоналу в целях обеспечения выполнения функций государственными (муниципальными) органами, казенными учреждениями, органами управления государственными внебюджетными фондами | B32: 918 | C32: 01 | D32: 04 | E32: 65 | F32: 2 | G32: 00 | H32: 44205 | I32: 100 | J32: =J33 -> 402.1238 | K32: =K33 -> 0 | L32: =L33 -> 0
A33: Расходы на выплаты персоналу государственных (муниципальных) органов | B33: 918 | C33: 01 | D33: 04 | E33: 65 | F33: 2 | G33: 00 | H33: 44205 | I33: 120 | J33: =299.6+26.41+30+32+14.1138 -> 402.1238 | K33: 0 | L33: 0
A34: Закупка товаров, работ и услуг для обеспечения государственных (муниципальных) нужд | B34: 918 | C34: 01 | D34: 04 | E34: 65 | F34: 2 | G34: 00 | H34: 44205 | I34: 200 | J34: =J35 -> 77.51615 | K34: =K35 -> 0 | L34: =L35 -> 0
A35: Иные закупки товаров, работ и услуг для обеспечения государственных (муниципальных) нужд | B35: 918 | C35: 01 | D35: 04 | E35: 65 | F35: 2 | G35: 00 | H35: 44205 | I35: 240 | J35: =95.9-18.38385 -> 77.51615 | K35: 0 | L35: 0
A36: Иные бюджетные ассигнования | B36: 918 | C36: 01 | D36: 04 | E36: 65 | F36: 2 | G36: 00 | H36: 44205 | I36: 800 | J36: =J37 -> 25.02901 | K36: =K37 -> 0 | L36: =L37 -> 0
A37: Уплата налогов, сборов и иных платежей | B37: 918 | C37: 01 | D37: 04 | E37: 65 | F37: 2 | G37: 00 | H37: 44205 | I37: 850 | J37: =14.1+14.6-3.67099 -> 25.02901 | K37: 0 | L37: 0
A38: Непрограммные расходы главных распорядителей средств бюджета Паевского сельского поселения Кадошкинского муниципального района Республики Мордовия | B38: 918 | C38: 01 | D38: 04 | E38: 89 | J38: =J39 -> 0.1 | K38: =K39 -> 0.1 | L38: =L39 -> 0.1
A39: Непрограммные расходы в рамках обеспечения деятельности главных распорядителей средств бюджета Паевского сельского поселения Кадошкинского муниципального района Республики Мордовия | B39: 918 | C39: 01 | D39: 04 | E39: 89 | F39: 1 | J39: =J40 -> 0.1 | K39: =K40 -> 0.1 | L39: =L40 -> 0.1
A40: Осуществление государственных полномочий Республики Мордовия по определению перечня должностных лиц, уполномоченных составлять протоколы об административных правонарушениях, предусмотренных Законом Республики Мордовия от 15 июня 2015 года № 38-З "Об административной ответственности на территории Республики Мордовия" | B40: 918 | C40: 01 | D40: 04 | E40: 89 | F40: 1 | G40: 00 | H40: 77150 | J40: =J41 -> 0.1 | K40: =K41 -> 0.1 | L40: =L41 -> 0.1
A41: Закупка товаров, работ и услуг для обеспечения государственных (муниципальных) нужд | B41: 918 | C41: 01 | D41: 04 | E41: 89 | F41: 1 | G41: 00 | H41: 77150 | I41: 200 | J41: =J42 -> 0.1 | K41: =K42 -> 0.1 | L41: =L42 -> 0.1
A42: Иные закупки товаров, работ и услуг для обеспечения государственных (муниципальных) нужд | B42: 918 | C42: 01 | D42: 04 | E42: 89 | F42: 1 | G42: 00 | H42: 77150 | I42: 240 | J42: 0.1 | K42: 0.1 | L42: 0.1
A43: Резервные фонды | B43: 918 | C43: 01 | D43: 11 | J43: =J44 -> 1 | K43: =K44 -> 1 | L43: =L44 -> 1
A44: Непрограммные расходы главных распорядителей средств бюджета Паевского сельского поселения Кадошкинского муниципального района Республики Мордовия | B44: 918 | C44: 01 | D44: 11 | E44: 89 | J44: =J45 -> 1 | K44: =K45 -> 1 | L44: =L45 -> 1
A45: Непрограммные расходы в рамках обеспечения деятельности главных распорядителей средств бюджета Паевского сельского поселения Кадошкинского муниципального района Республики Мордовия | B45: 918 | C45: 01 | D45: 11 | E45: 89 | F45: 1 | J45: =J46 -> 1 | K45: =K46 -> 1 | L45: =L46 -> 1
A46: Резервный фонд администрации Паевского сельского поселения Кадошкинского муниципального района Республики Мордовия | B46: 918 | C46: 01 | D46: 11 | E46: 89 | F46: 1 | G46: 00 | H46: 41180 | J46: =J47 -> 1 | K46: =K47 -> 1 | L46: =L47 -> 1
A47: Иные бюджетные ассигнования | B47: 918 | C47: 01 | D47: 11 | E47: 89 | F47: 1 | G47: 00 | H47: 41180 | I47: 800 | J47: =J48 -> 1 | K47: =K48 -> 1 | L47: =L48 -> 1
A48: Резервные средства | B48: 918 | C48: 01 | D48: 11 | E48: 89 | F48: 1 | G48: 00 | H48: 41180 | I48: 870 | J48: 1 | K48: 1 | L48: 1
A49: Другие общегосударственные вопросы | B49: 918 | C49: 01 | D49: 13 | J49: =J50+J54+J58 -> 1.5 | K49: =K50+K54+K58 -> 1.5 | L49: =L50+L54+L58 -> 1.5
A50: Муниципальная программа "Противопожарная безопасность на территории Паевского сельского поселения на 2022-2023г.г." | B50: 918 | C50: 01 | D50: 13 | E50: 08 | J50: =J51 -> 0.5 | K50: =K51 -> 0.5 | L50: =L51 -> 0.5
A51: Мероприятия по обеспечению пожарной безопасности | B51: 918 | C51: 01 | D51: 13 | E51: 08 | F51: 0 | G51: 00 | H51: 42120 | J51: =J52 -> 0.5 | K51: =K52 -> 0.5 | L51: =L52 -> 0.5
A52: Закупка товаров, работ и услуг для обеспечения государственных (муниципальных) нужд | B52: 918 | C52: 01 | D52: 13 | E52: 08 | F52: 0 | G52: 00 | H52: 42120 | I52: 200 | J52: =J53 -> 0.5 | K52: =K53 -> 0.5 | L52: =L53 -> 0.5
A53: Иные закупки товаров, работ и услуг для обеспечения государственных (муниципальных) нужд | B53: 918 | C53: 01 | D53: 13 | E53: 08 | F53: 0 | G53: 00 | H53: 42120 | I53: 240 | J53: 0.5 | K53: 0.5 | L53: 0.5
A54: Антикоррупционная программа Паевского сельского поселения на 2022-2024 годы | B54: 918 | C54: 01 | D54: 13 | E54: 23 | J54: =J55 -> 0.5 | K54: =K55 -> 0.5 | L54: =L55 -> 0.5
A55: Мероприятия по противодействию и профилактике коррупции | B55: 918 | C55: 01 | D55: 13 | E55: 23 | F55: 0 | G55: 0 | H55: 42380 | J55: =J56 -> 0.5 | K55: =K56 -> 0.5 | L55: =L56 -> 0.5
A56: Закупка товаров, работ и услуг для обеспечения государственных (муниципальных) нужд | B56: 918 | C56: 01 | D56: 13 | E56: 23 | F56: 0 | G56: 00 | H56: 42380 | I56: 200 | J56: =J57 -> 0.5 | K56: =K57 -> 0.5 | L56: =L57 -> 0.5
A57: Иные закупки товаров, работ и услуг для обеспечения государственных (муниципальных) нужд | B57: 918 | C57: 01 | D57: 13 | E57: 23 | F57: 0 | G57: 00 | H57: 42380 | I57: 240 | J57: 0.5 | K57: 0.5 | L57: 0.5
A58: Муниципальная программа "Противодействие терроризму и экстремизму на территории Паевского сельского поселения на 2022-2024 годы" | B58: 918 | C58: 01 | D58: 13 | E58: 31 | J58: =J59 -> 0.5 | K58: =K59 -> 0.5 | L58: =L59 -> 0.5
A59: Мероприятия по укреплению общественного порядка и обеспечению общественной безопасности | B59: 918 | C59: 01 | D59: 13 | E59: 31 | F59: 0 | G59: 0 | H59: 42300 | J59: =J60 -> 0.5 | K59: =K60 -> 0.5 | L59: =L60 -> 0.5
A60: Закупка товаров, работ и услуг для обеспечения государственных (муниципальных) нужд | B60: 918 | C60: 01 | D60: 13 | E60: 31 | F60: 0 | G60: 00 | H60: 42300 | I60: 200 | J60: =J61 -> 0.5 | K60: =K61 -> 0.5 | L60: =L61 -> 0.5
A61: Иные закупки товаров, работ и услуг для обеспечения государственных (муниципальных) нужд | B61: 918 | C61: 01 | D61: 13 | E61: 31 | F61: 0 | G61: 00 | H61: 42300 | I61: 240 | J61: 0.5 | K61: 0.5 | L61: 0.5
A62: Национальная оборона | B62: 918 | C62: 02 | J62: =J63 -> 95.3 | K62: =K63 -> 92.8 | L62: =L63 -> 96
A63: Мобилизационная и вневойсковая подготовка | B63: 918 | C63: 02 | D63: 03 | J63: =J66 -> 95.3 | K63: =K66 -> 92.8 | L63: =L66 -> 96
A64: Непрограммные расходы главных распорядителей средств бюджета Паевского сельского поселения Кадошкинского муниципального района Республики Мордовия | B64: 918 | C64: 02 | D64: 03 | E64: 89 | J64: =J65 -> 95.3 | K64: =K65 -> 92.8 | L64: =L65 -> 96
A65: Непрограммные расходы в рамках обеспечения деятельности главных распорядителей средств бюджета Паевского сельского поселения Кадошкинского муниципального района Республики Мордовия | B65: 918 | C65: 02 | D65: 03 | E65: 89 | F65: 1 | J65: =J66 -> 95.3 | K65: =K66 -> 92.8 | L65: =L66 -> 96
A66: Осуществление государственных полномочий Российской Федерации о первичному воинскому учету на территориях, где отсутствуют военные комиссариаты | B66: 918 | C66: 02 | D66: 03 | E66: 89 | F66: 1 | G66: 00 | H66: 51180 | J66: =J67+J69 -> 95.3 | K66: =K67+K69 -> 92.8 | L66: =L67+L69 -> 96
A67: Расходы на выплаты персоналу в целях обеспечения выполнения функций государственными (муниципальными) органами, казенными учреждениями, органами управления государственными внебюджетными фондами | B67: 918 | C67: 02 | D67: 03 | E67: 89 | F67: 1 | G67: 00 | H67: 51180 | I67: 100 | J67: =J68 -> 91.3 | K67: =K68 -> 88.8 | L67: =L68 -> 92
A68: Расходы на выплаты персоналу государственных (муниципальных) органов | B68: 918 | C68: 02 | D68: 03 | E68: 89 | F68: 1 | G68: 00 | H68: 51180 | I68: 120 | J68: =85.8+5.5 -> 91.3 | K68: 88.8 | L68: 92
A69: Закупка товаров, работ и услуг для обеспечения государственных (муниципальных) нужд | B69: 918 | C69: 02 | D69: 03 | E69: 89 | F69: 1 | G69: 00 | H69: 51180 | I69: 200 | J69: =J70 -> 4 | K69: =K70 -> 4 | L69: =L70 -> 4
A70: Иные закупки товаров, работ и услуг для обеспечения государственных (муниципальных) нужд | B70: 918 | C70: 02 | D70: 03 | E70: 89 | F70: 1 | G70: 00 | H70: 51180 | I70: 240 | J70: 4 | K70: 4 | L70: 4
A71: Национальная безопасность и правоохранительная деятельность | B71: 918 | C71: 03 | J71: =J72 -> 0.5 | K71: =K72 -> 0.5 | L71: =L72 -> 0.5
A72: Другие вопросы в области национальной безопасности и правоохранительной деятельности | B72: 918 | C72: 03 | D72: 14 | J72: =J73 -> 0.5 | K72: =K73 -> 0.5 | L72: =L73 -> 0.5
A73: Целевая программа "Профилактика наркомании и токсикомании на территории Паевского сельского поселения на 2022-2024 годы" | B73: 918 | C73: 03 | D73: 14 | E73: 20 | J73: =J74 -> 0.5 | K73: =K74 -> 0.5 | L73: =L74 -> 0.5
A74: Мероприятия в области противодействия злоупотреблению наркотиками и их незаконному обороту | B74: 918 | C74: 03 | D74: 14 | E74: 20 | F74: 0 | G74: 00 | H74: 42100 | J74: =J75 -> 0.5 | K74: =K75 -> 0.5 | L74: =L75 -> 0.5
A75: Закупка товаров, работ и услуг для обеспечения государственных (муниципальных) нужд | B75: 918 | C75: 03 | D75: 14 | E75: 20 | F75: 0 | G75: 00 | H75: 42100 | I75: 200 | J75: =J76 -> 0.5 | K75: =K76 -> 0.5 | L75: =L76 -> 0.5
A76: Иные закупки товаров, работ и услуг для обеспечения государственных (муниципальных) нужд | B76: 918 | C76: 03 | D76: 14 | E76: 20 | F76: 0 | G76: 00 | H76: 42100 | I76: 240 | J76: 0.5 | K76: 0.5 | L76: 0.5
A77: Национальная экономика | B77: 918 | C77: 04 | J77: =J78 -> 361.7 | K77: =K78 -> 359.6 | L77: =L78 -> 381.4
A78: Дорожное хозяйство (дорожные фонды) | B78: 918 | C78: 04 | D78: 09 | J78: =J79 -> 361.7 | K78: =K79 -> 359.6 | L78: =L79 -> 381.4
A79: Непрограммные расходы главных распорядителей средств бюджета Паевского сельского поселения Кадошкинского муниципального района Республики Мордовия | B79: 918 | C79: 04 | D79: 09 | E79: 89 | J79: =J81 -> 361.7 | K79: =K81 -> 359.6 | L79: =L81 -> 381.4
A80: Непрограммные расходы в рамках обеспечения деятельности главных распорядителей средств бюджета Паевского сельского поселения Кадошкинского муниципального района Республики Мордовия | B80: 918 | C80: 04 | D80: 09 | E80: 89 | F80: 1 | J80: =J81 -> 361.7 | K80: =K81 -> 359.6 | L80: =L81 -> 381.4
A81: Иные межбюджетные трансферты на осуществление полномочий по дорожной деятельности в отношении автомобильных дорог местного значения в границах населенных пунктов поселения и обеспечению безопасности дорожного движения на них, включая создание и обеспечение функционирования парковок (парковочных мест), осуществлению муниципального контроля за сохранностью автомобильных дорог местного значения в границах населенных пунктов поселения, организации дорожного движения, а также осуществлению иных полномочий в области использования автомобильных дорог и осуществления дорожной деятельности в соответствии с законодательством Российской Федерации | B81: 918 | C81: 04 | D81: 09 | E81: 89 | F81: 1 | G81: 00 | H81: 44102 | J81: =J82 -> 361.7 | K81: =K82 -> 359.6 | L81: =L82 -> 381.4
A82: Закупка товаров, работ и услуг для обеспечения государственных (муниципальных) нужд | B82: 918 | C82: 04 | D82: 09 | E82: 89 | F82: 1 | G82: 00 | H82: 44102 | I82: 200 | J82: =J83 -> 361.7 | K82: =K83 -> 359.6 | L82: =L83 -> 381.4
A83: Иные закупки товаров, работ и услуг для обеспечения государственных (муниципальных) нужд | B83: 918 | C83: 04 | D83: 09 | E83: 89 | F83: 1 | G83: 00 | H83: 44102 | I83: 240 | J83: 361.7 | K83: 359.6 | L83: 381.4
A84: Жилищно-коммунальное хозяйство | B84: 918 | C84: 05 | J84: =J85+J91 -> 1631.9875 | K84: =K85+K91 -> 28.4 | L84: =L85+L91 -> 48.4
A85: Коммунальное хозяйство | B85: 918 | C85: 05 | D85: 02 | J85: =J86 -> 18.8 | K85: =K86 -> 25.4 | L85: =L86 -> 25.4
A86: Непрограммные расходы главных распорядителей средств бюджета Паевского сельского поселения Кадошкинского муниципального района Республики Мордовия | B86: 918 | C86: 05 | D86: 02 | E86: 89 | J86: =J87 -> 18.8 | K86: =K87 -> 25.4 | L86: =L87 -> 25.4
A87: Непрограммные расходы в рамках обеспечения деятельности главных распорядителей средств бюджета Паевского сельского поселения Кадошкинского муниципального района Республики Мордовия | B87: 918 | C87: 05 | D87: 02 | E87: 89 | F87: 1 | J87: =J88 -> 18.8 | K87: =K88 -> 25.4 | L87: =L88 -> 25.4
A88: Иные межбюджетные трансферты на осуществление полномочий по организации в границах поселения электро-, тепло-, газо- и водоснабжения населения, водоотведения, снабжения населения топливом в пределах полномочий, установленных законодательством Российской Федерации | B88: 918 | C88: 05 | D88: 02 | E88: 89 | F88: 1 | G88: 00 | H88: 44101 | J88: =J89 -> 18.8 | K88: =K89 -> 25.4 | L88: =L89 -> 25.4
A89: Закупка товаров, работ и услуг для обеспечения государственных (муниципальных) нужд | B89: 918 | C89: 05 | D89: 02 | E89: 89 | F89: 1 | G89: 00 | H89: 44101 | I89: 200 | J89: =J90 -> 18.8 | K89: =K90 -> 25.4 | L89: =L90 -> 25.4
A90: Иные закупки товаров, работ и услуг для обеспечения государственных (муниципальных) нужд | B90: 918 | C90: 05 | D90: 02 | E90: 89 | F90: 1 | G90: 00 | H90: 44101 | I90: 240 | J90: =25.4-6.6 -> 18.8 | K90: 25.4 | L90: 25.4
A91: Благоустройство | B91: 918 | C91: 05 | D91: 03 | J91: =J92 -> 1613.1875 | K91: =K92 -> 3 | L91: =L92 -> 23
A92: Непрограммные расходы главных распорядителей средств бюджета Паевского сельского поселения Кадошкинского муниципального района Республики Мордовия | B92: 918 | C92: 05 | D92: 03 | E92: 89 | J92: =J93 -> 1613.1875 | K92: =K93 -> 3 | L92: =L93 -> 23
A93: Непрограммные расходы в рамках обеспечения деятельности главных распорядителей средств бюджета Паевского сельского поселения Кадошкинского муниципального района Республики Мордовия | B93: 918 | C93: 05 | D93: 03 | E93: 89 | F93: 1 | J93: =J94+J97+J100 -> 1613.1875 | K93: =K94+K97 -> 3 | L93: =L94+L97 -> 23
A94: Уличное освещение | B94: 918 | C94: 05 | D94: 03 | E94: 89 | F94: 1 | G94: 00 | H94: 43010 | J94: =J95 -> 56.3 | K94: =K95 -> 1 | L94: =L95 -> 21
A95: Закупка товаров, работ и услуг для обеспечения государственных (муниципальных) нужд | B95: 918 | C95: 05 | D95: 03 | E95: 89 | F95: 1 | G95: 00 | H95: 43010 | I95: 200 | J95: =J96 -> 56.3 | K95: =K96 -> 1 | L95: =L96 -> 21
A96: Иные закупки товаров, работ и услуг для обеспечения государственных (муниципальных) нужд | B96: 918 | C96: 05 | D96: 03 | E96: 89 | F96: 1 | G96: 00 | H96: 43010 | I96: 240 | J96: =48.6+0.9+6.8 -> 56.3 | K96: =3-2 -> 1 | L96: =23-2 -> 21
A97: Прочие мероприятия по благоустройству | B97: 918 | C97: 05 | D97: 03 | E97: 89 | F97: 1 | G97: 00 | H97: 43040 | J97: =J98 -> 322.9275 | K97: =K98 -> 2 | L97: =L98 -> 2
A98: Закупка товаров, работ и услуг для обеспечения государственных (муниципальных) нужд | B98: 918 | C98: 05 | D98: 03 | E98: 89 | F98: 1 | G98: 00 | H98: 43040 | I98: 200 | J98: =J99 -> 322.9275 | K98: =K99 -> 2 | L98: =L99 -> 2
A99: Иные закупки товаров, работ и услуг для обеспечения государственных (муниципальных) нужд | B99: 918 | C99: 05 | D99: 03 | E99: 89 | F99: 1 | G99: 00 | H99: 43040 | I99: 240 | J99: =10.2-2+172.66-8.2+46.56+10+89.27+392.4975-90-50-2.7-10.1-76-39-1.01-7.2-9.6-20-3-8.95-3.7-6.8-60 -> 322.9275 | K99: =2 -> 2 | L99: =2 -> 2
A100: Решение вопросов местного значения, осуществляемое с привлечением средств самообложения граждан | B100: 918 | C100: 05 | D100: 03 | E100: 89 | F100: 1 | G100: 00 | H100: 78090 | J100: =J101 -> 1233.96 | K100: =K101 -> 0 | L100: =L101 -> 0
...

Sheet Прил 3 
I1: Приложение 3 к решению Совета депутатов Паевского сельского поселения "О бюджете Паевского сельского поселения Кадошкинского муниципального района Республики Мордовия на 2022 год и на плановый период 2023 и 2024 годов"
A2: РАСПРЕДЕЛЕНИЕ БЮДЖЕТНЫХ АССИГНОВАНИЙ БЮДЖЕТА ПАЕВСКОГО СЕЛЬСКОГО ПОСЕЛЕНИЯ КАДОШКИНСКОГО МУНИЦИПАЛЬНОГО РАЙОНА РЕСПУБЛИКИ МОРДОВИЯ ПО РАЗДЕЛАМ, ПОДРАЗДЕЛАМ, ЦЕЛЕВЫМ СТАТЬЯМ (МУНИЦИПАЛЬНЫМ ПРОГРАММАМ И НЕПРОГРАММНЫМ НАПРАВЛЕНИЯМ ДЕЯТЕЛЬНОСТИ), ГРУППАМ И ПОДГРУППАМ ВИДОВ РАСХОДОВ КЛАССИФИКАЦИИ РАСХОДОВ БЮДЖЕТОВ НА 2022 ГОД И НА ПЛАНОВЫЙ ПЕРИОД 2023 И 2024 ГОДОВ
K3: (тыс. рублей)
A4: Наименование | B4: Рз | C4: Прз | D4: Цср | H4: Вр | I4: Сумма
I5: 2022 год | J5: 2023 год | K5: 2024 год
A6: 1 | B6: 2 | C6: 3 | D6: 4 | E6: 5 | F6: 6 | G6: 7 | H6: 8 | I6: 9 | J6: 10 | K6: 11
A7: ВСЕГО | I7: =I8+I60+I75+I82+I101+I108+I69 -> 4187.3975 | J7: =J8+J60+J75+J82+J101+J108+J69+J115 -> 957 | K7: =K8+K60+K75+K82+K101+K108+K69+K115 -> 1009.4
A8: Общегосударственные вопросы | B8: 01 | I8: =I9+I18+I41+I47 -> 1982.31 | J8: =J9+J18+J41+J47 -> 369.7 | K8: =K9+K18+K41+K47 -> 377.1
A9: Функционирование высшего должностного лица субъекта Российской Федерации и муниципального образования | B9: 01 | C9: 02 | I9: =I10 -> 490.49104 | J9: =J10 -> 134.5 | K9: =K10 -> 134.3
A10: Обеспечение деятельности администрации | B10: 01 | C10: 02 | D10: 65 | I10: =I11 -> 490.49104 | J10: =J11 -> 134.5 | K10: =K11 -> 134.3
A11: Высшее должностное лицо | B11: 01 | C11: 02 | D11: 65 | E11: 1 | I11: =I12+I15 -> 490.49104 | J11: =J12 -> 134.5 | K11: =K12 -> 134.3
A12: Расходы на выплаты по оплате труда высшего должностного лица | B12: 01 | C12: 02 | D12: 65 | E12: 1 | F12: 00 | G12: 41150 | I12: =I13 -> 339.1 | J12: =J13 -> 134.5 | K12: =K13 -> 134.3
A13: Расходы на выплаты персоналу в целях обеспечения выполнения функций государственными (муниципальными) органами, казенными учреждениями, органами управления государственными внебюджетными фондами | B13: 01 | C13: 02 | D13: 65 | E13: 1 | F13: 00 | G13: 41150 | H13: 100 | I13: =I14 -> 339.1 | J13: =J14 -> 134.5 | K13: =K14 -> 134.3
A14: Расходы на выплаты персоналу государственных (муниципальных) органов | B14: 01 | C14: 02 | D14: 65 | E14: 1 | F14: 00 | G14: 41150 | H14: 120 | I14: ='Прил 2'!J15 -> 339.1 | J14: ='Прил 2'!K15 -> 134.5 | K14: ='Прил 2'!L15 -> 134.3
A15: Субсидии на софинансирование расходных обязательств по финансовому обеспечению деятельности органов местного самоуправления и муниципальных учреждений | B15: 01 | C15: 02 | D15: 65 | E15: 1 | F15: 00 | G15: 44205 | I15: =I16 -> 151.39104 | J15: =J16 -> 0 | K15: =K16 -> 0
A16: Расходы на выплаты персоналу в целях обеспечения выполнения функций государственными (муниципальными) органами, казенными учреждениями, органами управления государственными внебюджетными фондами | B16: 01 | C16: 02 | D16: 65 | E16: 1 | F16: 00 | G16: 44205 | H16: 100 | I16: =I17 -> 151.39104 | J16: =J17 -> 0 | K16: =K17 -> 0
A17: Расходы на выплаты персоналу государственных (муниципальных) органов | B17: 01 | C17: 02 | D17: 65 | E17: 1 | F17: 00 | G17: 44205 | H17: 120 | I17: ='Прил 2'!J18 -> 151.39104 | J17: ='Прил 2'!K18 -> 0 | K17: ='Прил 2'!L18 -> 0
A18: Функционирование Правительства Российской Федерации, высших органов исполнительной власти субъектов Российской Федерации, местных администраций | B18: 01 | C18: 04 | I18: =I19+I37 -> 1489.319 | J18: =J19+J37 -> 232.7 | K18: =K19+K37 -> 240.3
A19: Обеспечение деятельности администрации | B19: 01 | C19: 04 | D19: 65 | I19: =I20 -> 1489.219 | J19: =J20 -> 232.6 | K19: =K20 -> 240.2
A20: Непрограммные расходы в рамках обеспечения деятельности администрации | B20: 01 | C20: 04 | D20: 65 | E20: 2 | I20: =I21+I24+I30 -> 1489.219 | J20: =J21+J24 -> 232.6 | K20: =K21+K24 -> 240.2
A21: Расходы на выплаты по оплате труда работников органов местного самоуправления | B21: 01 | C21: 04 | D21: 65 | E21: 2 | F21: 00 | G21: 41110 | I21: =I22 -> 658.8 | J21: =J22 -> 164 | K21: =K22 -> 119.8
A22: Расходы на выплаты персоналу в целях обеспечения выполнения функций государственными (муниципальными) органами, казенными учреждениями, органами управления государственными внебюджетными фондами | B22: 01 | C22: 04 | D22: 65 | E22: 2 | F22: 00 | G22: 41110 | H22: 100 | I22: =I23 -> 658.8 | J22: =J23 -> 164 | K22: =K23 -> 119.8
A23: Расходы на выплаты персоналу государственных (муниципальных) органов | B23: 01 | C23: 04 | D23: 65 | E23: 2 | F23: 00 | G23: 41110 | H23: 120 | I23: ='Прил 2'!J24 -> 658.8 | J23: ='Прил 2'!K24 -> 164 | K23: ='Прил 2'!L24 -> 119.8
A24: Расходы на обеспечение функций органов местного самоуправления | B24: 01 | C24: 04 | D24: 65 | E24: 2 | F24: 00 | G24: 41120 | I24: =I25+I27 -> 325.75 | J24: =J25+J27 -> 68.6 | K24: =K25+K27 -> 120.4
A25: Закупка товаров, работ и услуг для обеспечения государственных (муниципальных) нужд | B25: 01 | C25: 04 | D25: 65 | E25: 2 | F25: 00 | G25: 41120 | H25: 200 | I25: =I26 -> 242.3 | J25: =J26 -> 42.8 | K25: =K26 -> 94.6
A26: Иные закупки товаров, работ и услуг для обеспечения государственных (муниципальных) нужд | B26: 01 | C26: 04 | D26: 65 | E26: 2 | F26: 00 | G26: 41120 | H26: 240 | I26: ='Прил 2'!J27 -> 242.3 | J26: ='Прил 2'!K27 -> 42.8 | K26: ='Прил 2'!L27 -> 94.6
A27: Иные бюджетные ассигнования | B27: 01 | C27: 04 | D27: 66 | E27: 2 | F27: 00 | G27: 41120 | H27: 800 | I27: =I29+I28 -> 83.45 | J27: =J29 -> 25.8 | K27: =K29 -> 25.8
A28: Исполнение судебных актов | B28: 01 | C28: 04 | D28: 65 | E28: 2 | F28: 00 | G28: 41120 | H28: 830 | I28: ='Прил 2'!J29 -> 15.1 | J28: ='Прил 2'!K29 -> 0 | K28: ='Прил 2'!L29 -> 0
A29: Уплата налогов, сборов и иных платежей | B29: 01 | C29: 04 | D29: 66 | E29: 2 | F29: 00 | G29: 41120 | H29: 850 | I29: ='Прил 2'!J30 -> 68.35 | J29: ='Прил 2'!K30 -> 25.8 | K29: ='Прил 2'!L30 -> 25.8
A30: Субсидии на софинансирование расходных обязательств по финансовому обеспечению деятельности органов местного самоуправления и муниципальных учреждений | B30: 01 | C30: 04 | D30: 65 | E30: 2 | F30: 00 | G30: 44205 | I30: =I31+I33+I35 -> 504.66896 | J30: =J31+J33 -> 0 | K30: =K31+K33 -> 0
A31: Расходы на выплаты персоналу в целях обеспечения выполнения функций государственными (муниципальными) органами, казенными учреждениями, органами управления государственными внебюджетными фондами | B31: 01 | C31: 04 | D31: 65 | E31: 2 | F31: 00 | G31: 44205 | H31: 100 | I31: =I32 -> 402.1238 | J31: =J32 -> 0 | K31: =K32 -> 0
A32: Расходы на выплаты персоналу государственных (муниципальных) органов | B32: 01 | C32: 04 | D32: 65 | E32: 2 | F32: 00 | G32: 44205 | H32: 120 | I32: ='Прил 2'!J33 -> 402.1238 | J32: ='Прил 2'!K33 -> 0 | K32: ='Прил 2'!L33 -> 0
A33: Закупка товаров, работ и услуг для обеспечения государственных (муниципальных) нужд | B33: 01 | C33: 04 | D33: 65 | E33: 2 | F33: 00 | G33: 44205 | H33: 200 | I33: =I34 -> 77.51615 | J33: =J34 -> 0 | K33: =K34 -> 0
A34: Иные закупки товаров, работ и услуг для обеспечения государственных (муниципальных) нужд | B34: 01 | C34: 04 | D34: 65 | E34: 2 | F34: 00 | G34: 44205 | H34: 240 | I34: ='Прил 2'!J35 -> 77.51615 | J34: ='Прил 2'!K35 -> 0 | K34: ='Прил 2'!L35 -> 0
A35: Иные бюджетные ассигнования | B35: 01 | C35: 04 | D35: 65 | E35: 2 | F35: 00 | G35: 44205 | H35: 800 | I35: =I36 -> 25.02901 | J35: =J36 -> 0 | K35: =K36 -> 0
A36: Уплата налогов, сборов и иных платежей | B36: 01 | C36: 04 | D36: 65 | E36: 2 | F36: 00 | G36: 44205 | H36: 850 | I36: ='Прил 2'!J37 -> 25.02901 | J36: ='Прил 2'!K37 -> 0 | K36: ='Прил 2'!L37 -> 0
A37: Непрограммные расходы в рамках обеспечения деятельности главных распорядителей средств бюджета Паевского сельского поселения Кадошкинского муниципального района Республики Мордовия | B37: 01 | C37: 04 | D37: 89 | E37: 1 | I37: =I38 -> 0.1 | J37: =J38 -> 0.1 | K37: =K38 -> 0.1
A38: Осуществление государственных полномочий Республики Мордовия по определению перечня должностных лиц, уполномоченных составлять протоколы об административных правонарушениях, предусмотренных Законом Республики Мордовия от 15 июня 2015 года № 38-З "Об административной ответственности на территории Республики Мордовия" | B38: 01 | C38: 04 | D38: 89 | E38: 1 | F38: 00 | G38: 77150 | I38: =I39 -> 0.1 | J38: =J39 -> 0.1 | K38: =K39 -> 0.1
A39: Закупка товаров, работ и услуг для обеспечения государственных (муниципальных) нужд | B39: 01 | C39: 04 | D39: 89 | E39: 1 | F39: 00 | G39: 77150 | H39: 200 | I39: =I40 -> 0.1 | J39: =J40 -> 0.1 | K39: =K40 -> 0.1
A40: Иные закупки товаров, работ и услуг для обеспечения государственных (муниципальных) нужд | B40: 01 | C40: 04 | D40: 89 | E40: 1 | F40: 00 | G40: 77150 | H40: 240 | I40: ='Прил 2'!J42 -> 0.1 | J40: ='Прил 2'!K42 -> 0.1 | K40: ='Прил 2'!L42 -> 0.1
A41: Резервные фонды | B41: 01 | C41: 11 | I41: =I42 -> 1 | J41: =J42 -> 1 | K41: =K42 -> 1
A42: Непрограммные расходы главных распорядителей средств бюджета Паевского сельского поселения Кадошкинского муниципального района Республики Мордовия | B42: 01 | C42: 11 | D42: 89 | I42: =I43 -> 1 | J42: =J43 -> 1 | K42: =K43 -> 1
A43: Непрограммные расходы в рамках обеспечения деятельности главных распорядителей средств бюджета Паевского сельского поселения Кадошкинского муниципального района Республики Мордовия | B43: 01 | C43: 11 | D43: 89 | E43: 1 | I43: =I44 -> 1 | J43: =J44 -> 1 | K43: =K44 -> 1
A44: Резервный фонд администрации Паевского сельского поселения Кадошкинского муниципального района Республики Мордовия | B44: 01 | C44: 11 | D44: 89 | E44: 1 | F44: 00 | G44: 41180 | I44: =I45 -> 1 | J44: =J45 -> 1 | K44: =K45 -> 1
A45: Иные бюджетные ассигнования | B45: 01 | C45: 11 | D45: 89 | E45: 1 | F45: 00 | G45: 41180 | H45: 800 | I45: =I46 -> 1 | J45: =J46 -> 1 | K45: =K46 -> 1
A46: Резервные средства | B46: 01 | C46: 11 | D46: 89 | E46: 1 | F46: 00 | G46: 41180 | H46: 870 | I46: ='Прил 2'!J48 -> 1 | J46: ='Прил 2'!K48 -> 1 | K46: ='Прил 2'!L48 -> 1
A47: Другие общегосударственные вопросы | B47: 01 | C47: 13 | I47: =I48+I52+I56 -> 1.5 | J47: =J48+J52+J56 -> 1.5 | K47: =K48+K52+K56 -> 1.5
A48: Муниципальная программа "Противопожарная безопасность на территории Паевского сельского поселения на 2022-2023г.г." | B48: 01 | C48: 13 | D48: 08 | I48: =I49 -> 0.5 | J48: =J49 -> 0.5 | K48: =K49 -> 0.5
A49: Мероприятия по обеспечению пожарной безопасности | B49: 01 | C49: 13 | D49: 08 | E49: 0 | F49: 00 | G49: 42120 | I49: =I50 -> 0.5 | J49: =J50 -> 0.5 | K49: =K50 -> 0.5
A50: Закупка товаров, работ и услуг для обеспечения государственных (муниципальных) нужд | B50: 01 | C50: 13 | D50: 08 | E50: 0 | F50: 00 | G50: 42120 | H50: 200 | I50: =I51 -> 0.5 | J50: =J51 -> 0.5 | K50: =K51 -> 0.5
A51: Иные закупки товаров, работ и услуг для обеспечения государственных (муниципальных) нужд | B51: 01 | C51: 13 | D51: 08 | E51: 0 | F51: 00 | G51: 42120 | H51: 240 | I51: ='Прил 2'!J53 -> 0.5 | J51: ='Прил 2'!K53 -> 0.5 | K51: ='Прил 2'!L53 -> 0.5
A52: Антикоррупционная программа Паевского сельского поселения на 2022-2024 годы | B52: 01 | C52: 13 | D52: 23 | I52: =I53 -> 0.5 | J52: =J53 -> 0.5 | K52: =K53 -> 0.5
A53: Мероприятия по противодействию и профилактике коррупции | B53: 01 | C53: 13 | D53: 23 | E53: 0 | F53: 0 | G53: 42380 | I53: =I54 -> 0.5 | J53: =J54 -> 0.5 | K53: =K54 -> 0.5
A54: Закупка товаров, работ и услуг для обеспечения государственных (муниципальных) нужд | B54: 01 | C54: 13 | D54: 23 | E54: 0 | F54: 00 | G54: 42380 | H54: 200 | I54: =I55 -> 0.5 | J54: =J55 -> 0.5 | K54: =K55 -> 0.5
A55: Иные закупки товаров, работ и услуг для обеспечения государственных (муниципальных) нужд | B55: 01 | C55: 13 | D55: 23 | E55: 0 | F55: 00 | G55: 42380 | H55: 240 | I55: ='Прил 2'!J57 -> 0.5 | J55: ='Прил 2'!K57 -> 0.5 | K55: ='Прил 2'!L57 -> 0.5
A56: Муниципальная программа "Противодействие терроризму и экстремизму на территории Паевского сельского поселения на 2022-2024 годы" | B56: 01 | C56: 13 | D56: 31 | I56: =I57 -> 0.5 | J56: =J57 -> 0.5 | K56: =K57 -> 0.5
A57: Мероприятия по укреплению общественного порядка и обеспечению общественной безопасности | B57: 01 | C57: 13 | D57: 31 | E57: 0 | F57: 0 | G57: 42300 | I57: =I58 -> 0.5 | J57: =J58 -> 0.5 | K57: =K58 -> 0.5
A58: Закупка товаров, работ и услуг для обеспечения государственных (муниципальных) нужд | B58: 01 | C58: 13 | D58: 31 | E58: 0 | F58: 00 | G58: 42300 | H58: 200 | I58: =I59 -> 0.5 | J58: =J59 -> 0.5 | K58: =K59 -> 0.5
A59: Иные закупки товаров, работ и услуг для обеспечения государственных (муниципальных) нужд | B59: 01 | C59: 13 | D59: 31 | E59: 0 | F59: 00 | G59: 42300 | H59: 240 | I59: ='Прил 2'!J61 -> 0.5 | J59: ='Прил 2'!K61 -> 0.5 | K59: ='Прил 2'!L61 -> 0.5
A60: Национальная оборона | B60: 02 | I60: =I61 -> 95.3 | J60: =J61 -> 92.8 | K60: =K61 -> 96
A61: Мобилизационная и вневойсковая подготовка | B61: 02 | C61: 03 | I61: =I62 -> 95.3 | J61: =J62 -> 92.8 | K61: =K62 -> 96
A62: Непрограммные расходы главных распорядителей средств бюджета Паевского сельского поселения Кадошкинского муниципального района Республики Мордовия | B62: 02 | C62: 03 | D62: 89 | I62: =I63 -> 95.3 | J62: =J63 -> 92.8 | K62: =K63 -> 96
A63: Непрограммные расходы в рамках обеспечения деятельности главных распорядителей средств бюджета Паевского сельского поселения Кадошкинского муниципального района Республики Мордовия | B63: 02 | C63: 03 | D63: 89 | E63: 1 | I63: =I64 -> 95.3 | J63: =J64 -> 92.8 | K63: =K64 -> 96
A64: Осуществление государственных полномочий Российской Федерации о первичному воинскому учету на территориях, где отсутствуют военные комиссариаты | B64: 02 | C64: 03 | D64: 89 | E64: 1 | F64: 00 | G64: 51180 | I64: =I65+I67 -> 95.3 | J64: =J65+J67 -> 92.8 | K64: =K65+K67 -> 96
A65: Расходы на выплаты персоналу в целях обеспечения выполнения функций государственными (муниципальными) органами, казенными учреждениями, органами управления государственными внебюджетными фондами | B65: 02 | C65: 03 | D65: 89 | E65: 1 | F65: 00 | G65: 51180 | H65: 100 | I65: =I66 -> 91.3 | J65: =J66 -> 88.8 | K65: =K66 -> 92
A66: Расходы на выплаты персоналу государственных (муниципальных) органов | B66: 02 | C66: 03 | D66: 89 | E66: 1 | F66: 00 | G66: 51180 | H66: 120 | I66: ='Прил 2'!J68 -> 91.3 | J66: ='Прил 2'!K68 -> 88.8 | K66: ='Прил 2'!L68 -> 92
A67: Закупка товаров, работ и услуг для обеспечения государственных (муниципальных) нужд | B67: 02 | C67: 03 | D67: 89 | E67: 1 | F67: 00 | G67: 51180 | H67: 200 | I67: =I68 -> 4 | J67: =J68 -> 4 | K67: =K68 -> 4
A68: Иные закупки товаров, работ и услуг для обеспечения государственных (муниципальных) нужд | B68: 02 | C68: 03 | D68: 89 | E68: 1 | F68: 00 | G68: 51180 | H68: 240 | I68: ='Прил 2'!J70 -> 4 | J68: ='Прил 2'!K70 -> 4 | K68: ='Прил 2'!L70 -> 4
A69: Национальная безопасность и правоохранительная деятельность | B69: 03 | I69: =I70 -> 0.5 | J69: =J70 -> 0.5 | K69: =K70 -> 0.5
A70: Другие вопросы в области национальной безопасности и правоохранительной деятельности | B70: 03 | C70: 14 | I70: =I71 -> 0.5 | J70: =J71 -> 0.5 | K70: =K71 -> 0.5
A71: Целевая программа "Профилактика наркомании и токсикомании на территории Паевского сельского поселения на 2022-2024 годы" | B71: 03 | C71: 14 | D71: 20 | I71: =I72 -> 0.5 | J71: =J72 -> 0.5 | K71: =K72 -> 0.5
A72: Мероприятия в области противодействия злоупотреблению наркотиками и их незаконному обороту | B72: 03 | C72: 14 | D72: 20 | E72: 0 | F72: 00 | G72: 42100 | I72: =I73 -> 0.5 | J72: =J73 -> 0.5 | K72: =K73 -> 0.5
A73: Закупка товаров, работ и услуг для обеспечения государственных (муниципальных) нужд | B73: 03 | C73: 14 | D73: 20 | E73: 0 | F73: 00 | G73: 42100 | H73: 200 | I73: =I74 -> 0.5 | J73: =J74 -> 0.5 | K73: =K74 -> 0.5
A74: Иные закупки товаров, работ и услуг для обеспечения государственных (муниципальных) нужд | B74: 03 | C74: 14 | D74: 20 | E74: 0 | F74: 00 | G74: 42100 | H74: 240 | I74: ='Прил 2'!J76 -> 0.5 | J74: ='Прил 2'!K76 -> 0.5 | K74: ='Прил 2'!L76 -> 0.5
A75: Национальная экономика | B75: 04 | I75: =I76 -> 361.7 | J75: =J76 -> 359.6 | K75: =K76 -> 381.4
A76: Дорожное хозяйство (дорожные фонды) | B76: 04 | C76: 09 | I76: =I77 -> 361.7 | J76: =J77 -> 359.6 | K76: =K77 -> 381.4
A77: Непрограммные расходы главных распорядителей средств бюджета Паевского сельского поселения Кадошкинского муниципального района Республики Мордовия | B77: 04 | C77: 09 | D77: 89 | E77: 0 | I77: =I78 -> 361.7 | J77: =J79 -> 359.6 | K77: =K79 -> 381.4
A78: Непрограммные расходы в рамках обеспечения деятельности главных распорядителей средств бюджета Паевского сельского поселения Кадошкинского муниципального района Республики Мордовия | B78: 04 | C78: 09 | D78: 89 | E78: 1 | I78: =I79 -> 361.7 | J78: =J79 -> 359.6 | K78: =K79 -> 381.4
A79: Иные межбюджетные трансферты на осуществление полномочий по дорожной деятельности в отношении автомобильных дорог местного значения в границах населенных пунктов поселения и обеспечению безопасности дорожного движения на них, включая создание и обеспечение функционирования парковок (парковочных мест), осуществлению муниципального контроля за сохранностью автомобильных дорог местного значения в границах населенных пунктов поселения, организации дорожного движения, а также осуществлению иных полномочий в области использования автомобильных дорог и осуществления дорожной деятельности в соответствии с законодательством Российской Федерации | B79: 04 | C79: 09 | D79: 89 | E79: 1 | F79: 00 | G79: 44102 | I79: =I80 -> 361.7 | J79: =J80 -> 359.6 | K79: =K80 -> 381.4
A80: Закупка товаров, работ и услуг для обеспечения государственных (муниципальных) нужд | B80: 04 | C80: 09 | D80: 89 | E80: 1 | F80: 00 | G80: 44102 | H80: 200 | I80: =I81 -> 361.7 | J80: =J81 -> 359.6 | K80: =K81 -> 381.4
A81: Иные закупки товаров, работ и услуг для обеспечения государственных (муниципальных) нужд | B81: 04 | C81: 09 | D81: 89 | E81: 1 | F81: 00 | G81: 44102 | H81: 240 | I81: ='Прил 2'!J83 -> 361.7 | J81: ='Прил 2'!K83 -> 359.6 | K81: ='Прил 2'!L83 -> 381.4
A82: Жилищно-коммунальное хозяйство | B82: 05 | I82: =I83+I89 -> 1631.9875 | J82: =J83+J89 -> 28.4 | K82: =K83+K89 -> 48.4
A83: Коммунальное хозяйство | B83: 05 | C83: 02 | I83: =I84 -> 18.8 | J83: =J84 -> 25.4 | K83: =K84 -> 25.4
A84: Непрограммные расходы главных распорядителей средств бюджета Паевского сельского поселения Кадошкинского муниципального района Республики Мордовия | B84: 918 | C84: 05 | D84: 02 | E84: 89 | F84: 0 | I84: =I85 -> 18.8 | J84: =J85 -> 25.4 | K84: =K85 -> 25.4
A85: Непрограммные расходы в рамках обеспечения деятельности главных распорядителей средств бюджета Паевского сельского поселения Кадошкинского муниципального района Республики Мордовия | B85: 918 | C85: 05 | D85: 02 | E85: 89 | F85: 1 | I85: =I86 -> 18.8 | J85: =J86 -> 25.4 | K85: =K86 -> 25.4
A86: Иные межбюджетные трансферты на осуществление полномочий по организации в границах поселения электро-, тепло-, газо- и водоснабжения населения, водоотведения, снабжения населения топливом в пределах полномочий, установленных законодательством Российской Федерации | B86: 05 | C86: 02 | D86: 89 | E86: 1 | F86: 00 | G86: 44101 | I86: =I87 -> 18.8 | J86: =J87 -> 25.4 | K86: =K87 -> 25.4
A87: Закупка товаров, работ и услуг для обеспечения государственных (муниципальных) нужд | B87: 05 | C87: 02 | D87: 89 | E87: 1 | F87: 00 | G87: 44101 | H87: 200 | I87: =I88 -> 18.8 | J87: =J88 -> 25.4 | K87: =K88 -> 25.4
A88: Иные закупки товаров, работ и услуг для обеспечения государственных (муниципальных) нужд | B88: 05 | C88: 02 | D88: 89 | E88: 1 | F88: 00 | G88: 44101 | H88: 240 | I88: ='Прил 2'!J90 -> 18.8 | J88: ='Прил 2'!K90 -> 25.4 | K88: ='Прил 2'!L90 -> 25.4
A89: Благоустройство | B89: 05 | C89: 03 | I89: =I90 -> 1613.1875 | J89: =J90 -> 3 | K89: =K90 -> 23
A90: Непрограммные расходы главных распорядителей средств бюджета Паевского сельского поселения Кадошкинского муниципального района Республики Мордовия | B90: 05 | C90: 03 | D90: 89 | E90: 0 | I90: =I91 -> 1613.1875 | J90: =J91 -> 3 | K90: =K91 -> 23
A91: Непрограммные расходы в рамках обеспечения деятельности главных распорядителей средств бюджета Паевского сельского поселения Кадошкинского муниципального района Республики Мордовия | B91: 05 | C91: 03 | D91: 89 | E91: 1 | I91: =I92+I95+I98 -> 1613.1875 | J91: =J92+J95 -> 3 | K91: =K92+K95 -> 23
A92: Уличное освещение | B92: 05 | C92: 03 | D92: 89 | E92: 1 | F92: 00 | G92: 43010 | I92: =I93 -> 56.3 | J92: =J93 -> 1 | K92: =K93 -> 21
A93: Закупка товаров, работ и услуг для обеспечения государственных (муниципальных) нужд | B93: 05 | C93: 03 | D93: 89 | E93: 1 | F93: 00 | G93: 43010 | H93: 200 | I93: =I94 -> 56.3 | J93: =J94 -> 1 | K93: =K94 -> 21
A94: Иные закупки товаров, работ и услуг для обеспечения государственных (муниципальных) нужд | B94: 05 | C94: 03 | D94: 89 | E94: 1 | F94: 00 | G94: 43010 | H94: 240 | I94: ='Прил 2'!J96 -> 56.3 | J94: ='Прил 2'!K96 -> 1 | K94: ='Прил 2'!L96 -> 21
A95: Прочие мероприятия по благоустройству | B95: 05 | C95: 03 | D95: 89 | E95: 1 | F95: 00 | G95: 43040 | I95: =I96 -> 322.9275 | J95: =J96 -> 2 | K95: =K96 -> 2
A96: Закупка товаров, работ и услуг для обеспечения государственных (муниципальных) нужд | B96: 05 | C96: 03 | D96: 89 | E96: 1 | F96: 00 | G96: 43040 | H96: 200 | I96: =I97 -> 322.9275 | J96: =J97 -> 2 | K96: =K97 -> 2
A97: Иные закупки товаров, работ и услуг для обеспечения государственных (муниципальных) нужд | B97: 05 | C97: 03 | D97: 89 | E97: 1 | F97: 00 | G97: 43040 | H97: 240 | I97: ='Прил 2'!J99 -> 322.9275 | J97: ='Прил 2'!K99 -> 2 | K97: ='Прил 2'!L99 -> 2
A98: Решение вопросов местного значения, осуществляемое с привлечением средств самообложения граждан | B98: 05 | C98: 03 | D98: 89 | E98: 1 | F98: 00 | G98: 78090 | I98: =I99 -> 1233.96 | J98: =J99 -> 0 | K98: =K99 -> 0
A99: Закупка товаров, работ и услуг для обеспечения государственных (муниципальных) нужд | B99: 05 | C99: 03 | D99: 89 | E99: 1 | F99: 00 | G99: 78090 | H99: 200 | I99: =I100 -> 1233.96 | J99: =J100 -> 0 | K99: =K100 -> 0
A100: Иные закупки товаров, работ и услуг для обеспечения государственных (муниципальных) нужд | B100: 05 | C100: 03 | D100: 89 | E100: 1 | F100: 00 | G100: 78090 | H100: 240 | I100: ='Прил 2'!J102 -> 1233.96 | J100: ='Прил 2'!K102 -> 0 | K100: ='Прил 2'!L102 -> 0
...

Sheet Прил 4
J1: Приложение 4 к решению Совета депутатов Паевского сельского поселения "О бюджете Паевского сельского поселения Кадошкинского муниципального района Республики Мордовия на 2022 год и на плановый период 2023 и 2024 годов"
A2: РАСПРЕДЕЛЕНИЕ БЮДЖЕТНЫХ АССИГНОВАНИЙ БЮДЖЕТА ПАЕВСКОГО СЕЛЬСКОГО ПОСЕЛЕНИЯ КАДОШКИНСКОГО МУНИЦИПАЛЬНОГО РАЙОНА РЕСПУБЛИКИ МОРДОВИЯ ПО ЦЕЛЕВЫМ СТАТЬЯМ (МУНИЦИПАЛЬНЫМ ПРОГРАММАМ И НЕПРОГРАММНЫМ НАПРАВЛЕНИЯМ ДЕЯТЕЛЬНОСТИ), ГРУППАМ И ПОДГРУППАМ ВИДОВ РАСХОДОВ, РАЗДЕЛАМ И ПОДРАЗДЕЛАМ КЛАССИФИКАЦИИ РАСХОДОВ БЮДЖЕТОВ НА 2022 ГОД НА ПЛАНОВЫЙ ПЕРИОД 2023 И 2024 ГОДОВ
L3: (тыс. рублей)
A4: Наименование | B4: Цср | F4: ВР | G4: Рз | H4: Прз | I4: Адм | J4: Сумма
J5: 2022 год | K5: 2023 год | L5: 2024 год
A6: 1 | B6: 2 | C6: 3 | D6: 4 | E6: 5 | F6: 6 | G6: 7 | H6: 8 | I6: 9 | J6: 10 | K6: 11 | L6: 12
A7: ВСЕГО | J7: =J36+J88+J8+J15+J22+J29 -> 4187.3975 | K7: =K36+K88+K8+K15+K22+K29 -> 957 | L7: =L36+L88+L8+L15+L22+L29 -> 1009.4
A8: Муниципальная программа "Противопожарная безопасность на территории Паевского сельского поселения на 2022-2023г.г." | B8: 08 | J8: =J9 -> 0.5 | K8: =K9 -> 0.5 | L8: =L9 -> 0.5
A9: Мероприятия по обеспечению пожарной безопасности | B9: 08 | C9: 0 | D9: 00 | E9: 42120 | J9: =J10 -> 0.5 | K9: =K10 -> 0.5 | L9: =L10 -> 0.5
A10: Закупка товаров, работ и услуг для обеспечения государственных (муниципальных) нужд | B10: 08 | C10: 0 | D10: 00 | E10: 42120 | F10: 200 | J10: =J11 -> 0.5 | K10: =K11 -> 0.5 | L10: =L11 -> 0.5
A11: Иные закупки товаров, работ и услуг для обеспечения государственных (муниципальных) нужд | B11: 08 | C11: 0 | D11: 00 | E11: 42120 | F11: 240 | J11: =J12 -> 0.5 | K11: =K12 -> 0.5 | L11: =L12 -> 0.5
A12: Общегосударственные вопросы | B12: 08 | C12: 0 | D12: 00 | E12: 42120 | F12: 240 | G12: 01 | J12: =J13 -> 0.5 | K12: =K13 -> 0.5 | L12: =L13 -> 0.5
A13: Другие общегосударственные вопросы | B13: 08 | C13: 0 | D13: 00 | E13: 42120 | F13: 240 | G13: 01 | H13: 13 | J13: =J14 -> 0.5 | K13: =K14 -> 0.5 | L13: =L14 -> 0.5
A14: Администрация Паевского сельского поселения Кадошкинского муниципального района Республики Мордовия | B14: 08 | C14: 0 | D14: 00 | E14: 42120 | F14: 240 | G14: 01 | H14: 13 | I14: 918 | J14: ='Прил 2'!J50 -> 0.5 | K14: ='Прил 2'!K50 -> 0.5 | L14: ='Прил 2'!L50 -> 0.5
A15: Целевая программа "Профилактика наркомании и токсикомании на территории Паевского сельского поселения на 2022-2024 годы" | B15: 20 | J15: =J16 -> 0.5 | K15: =K16 -> 0.5 | L15: =L16 -> 0.5
A16: Мероприятия в области противодействия злоупотреблению наркотиками и их незаконному обороту | B16: 20 | C16: 0 | D16: 00 | E16: 42100 | J16: =J17 -> 0.5 | K16: =K17 -> 0.5 | L16: =L17 -> 0.5
A17: Закупка товаров, работ и услуг для обеспечения государственных (муниципальных) нужд | B17: 20 | C17: 0 | D17: 00 | E17: 42100 | F17: 200 | J17: =J18 -> 0.5 | K17: =K18 -> 0.5 | L17: =L18 -> 0.5
A18: Иные закупки товаров, работ и услуг для обеспечения государственных (муниципальных) нужд | B18: 20 | C18: 0 | D18: 00 | E18: 42100 | F18: 240 | J18: =J19 -> 0.5 | K18: =K19 -> 0.5 | L18: =L19 -> 0.5
A19: Национальная безопасность и правоохранительная деятельность | B19: 20 | C19: 0 | D19: 00 | E19: 42100 | F19: 240 | G19: 03 | J19: =J20 -> 0.5 | K19: =K20 -> 0.5 | L19: =L20 -> 0.5
A20: Другие вопросы в области национальной безопасности и правоохранительной деятельности | B20: 20 | C20: 0 | D20: 00 | E20: 42100 | F20: 240 | G20: 03 | H20: 14 | J20: =J21 -> 0.5 | K20: =K21 -> 0.5 | L20: =L21 -> 0.5
A21: Администрация Паевского сельского поселения Кадошкинского муниципального района Республики Мордовия | B21: 20 | C21: 0 | D21: 00 | E21: 42100 | F21: 240 | G21: 03 | H21: 14 | I21: 918 | J21: ='Прил 2'!J73 -> 0.5 | K21: ='Прил 2'!K73 -> 0.5 | L21: ='Прил 2'!L73 -> 0.5
A22: Антикоррупционная программа Паевского сельского поселения на 2022-2024 годы | B22: 23 | J22: =J23 -> 0.5 | K22: =K23 -> 0.5 | L22: =L23 -> 0.5
A23: Мероприятия по противодействию и профилактике коррупции | B23: 23 | C23: 0 | D23: 0 | E23: 42380 | J23: =J24 -> 0.5 | K23: =K24 -> 0.5 | L23: =L24 -> 0.5
A24: Закупка товаров, работ и услуг для обеспечения государственных (муниципальных) нужд | B24: 23 | C24: 0 | D24: 00 | E24: 42380 | F24: 200 | J24: =J25 -> 0.5 | K24: =K25 -> 0.5 | L24: =L25 -> 0.5
A25: Иные закупки товаров, работ и услуг для обеспечения государственных (муниципальных) нужд | B25: 23 | C25: 0 | D25: 00 | E25: 42380 | F25: 240 | J25: =J26 -> 0.5 | K25: =K26 -> 0.5 | L25: =L26 -> 0.5
A26: Общегосударственные вопросы | B26: 23 | C26: 0 | D26: 00 | E26: 42380 | F26: 240 | G26: 01 | J26: =J27 -> 0.5 | K26: =K27 -> 0.5 | L26: =L27 -> 0.5
A27: Другие общегосударственные вопросы | B27: 23 | C27: 0 | D27: 00 | E27: 42380 | F27: 240 | G27: 01 | H27: 13 | J27: =J28 -> 0.5 | K27: =K28 -> 0.5 | L27: =L28 -> 0.5
A28: Администрация Паевского сельского поселения Кадошкинского муниципального района Республики Мордовия | B28: 23 | C28: 0 | D28: 00 | E28: 42380 | F28: 240 | G28: 01 | H28: 13 | I28: 918 | J28: ='Прил 2'!J54 -> 0.5 | K28: ='Прил 2'!K54 -> 0.5 | L28: ='Прил 2'!L54 -> 0.5
A29: Муниципальная программа "Противодействие терроризму и экстремизму на территории Паевского сельского поселения на 2022-2024 годы" | B29: 31 | J29: =J30 -> 0.5 | K29: =K30 -> 0.5 | L29: =L30 -> 0.5
A30: Мероприятия по укреплению общественного порядка и обеспечению общественной безопасности | B30: 31 | C30: 0 | D30: 0 | E30: 42300 | J30: =J32 -> 0.5 | K30: =K32 -> 0.5 | L30: =L32 -> 0.5
A31: Закупка товаров, работ и услуг для обеспечения государственных (муниципальных) нужд | B31: 31 | C31: 0 | D31: 00 | E31: 42300 | F31: 200 | J31: =J32 -> 0.5 | K31: =K32 -> 0.5 | L31: =L32 -> 0.5
A32: Иные закупки товаров, работ и услуг для обеспечения государственных (муниципальных) нужд | B32: 31 | C32: 0 | D32: 00 | E32: 42300 | F32: 240 | J32: =J33 -> 0.5 | K32: =K33 -> 0.5 | L32: =L33 -> 0.5
A33: Общегосударственные вопросы | B33: 31 | C33: 0 | D33: 00 | E33: 42300 | F33: 240 | G33: 01 | J33: =J34 -> 0.5 | K33: =K34 -> 0.5 | L33: =L34 -> 0.5
A34: Другие общегосударственные вопросы | B34: 31 | C34: 0 | D34: 00 | E34: 42300 | F34: 240 | G34: 01 | H34: 13 | J34: =J35 -> 0.5 | K34: =K35 -> 0.5 | L34: =L35 -> 0.5
A35: Администрация Паевского сельского поселения Кадошкинского муниципального района Республики Мордовия | B35: 31 | C35: 0 | D35: 00 | E35: 42300 | F35: 240 | G35: 01 | H35: 13 | I35: 918 | J35: ='Прил 2'!J58 -> 0.5 | K35: ='Прил 2'!K58 -> 0.5 | L35: ='Прил 2'!L58 -> 0.5
A36: Обеспечение деятельности администрации | B36: 65 | J36: =J37+J50 -> 1979.71 | K36: =K37+K50 -> 367.1 | L36: =L37+L50 -> 374.5
A37: Высшее должностное лицо | B37: 65 | C37: 1 | J37: =J38+J44 -> 490.49104 | K37: =K38 -> 134.5 | L37: =L38 -> 134.3
A38: Расходы на выплаты по оплате труда высшего должностного лица муниципального образования | B38: 65 | C38: 1 | D38: 00 | E38: 41150 | J38: =J41 -> 339.1 | K38: =K41 -> 134.5 | L38: =L41 -> 134.3
A39: Расходы на выплаты персоналу в целях обеспечения выполнения функций государственными (муниципальными) органами, казенными учреждениями, органами управления государственными внебюджетными фондами | B39: 65 | C39: 1 | D39: 00 | E39: 41150 | F39: 100 | J39: =J40 -> 339.1 | K39: =K40 -> 134.5 | L39: =L40 -> 134.3
A40: Расходы на выплаты персоналу государственных (муниципальных) органов | B40: 65 | C40: 1 | D40: 00 | E40: 41150 | F40: 120 | J40: =J41 -> 339.1 | K40: =K41 -> 134.5 | L40: =L41 -> 134.3
A41: Общегосударственные вопросы | B41: 65 | C41: 1 | D41: 00 | E41: 41150 | F41: 120 | G41: 01 | J41: =J42 -> 339.1 | K41: =K42 -> 134.5 | L41: =L42 -> 134.3
A42: Функционирование высшего должностного лица субъекта Российской Федерации и муниципального образования | B42: 65 | C42: 1 | D42: 00 | E42: 41150 | F42: 120 | G42: 01 | H42: 02 | J42: =J43 -> 339.1 | K42: =K43 -> 134.5 | L42: =L43 -> 134.3
A43: Администрация Паевского сельского поселения Кадошкинского муниципального района Республики Мордовия | B43: 65 | C43: 1 | D43: 00 | E43: 41150 | F43: 120 | G43: 01 | H43: 02 | I43: 918 | J43: ='Прил 2'!J15 -> 339.1 | K43: ='Прил 2'!K15 -> 134.5 | L43: ='Прил 2'!L15 -> 134.3
A44: Субсидии на софинансирование расходных обязательств по финансовому обеспечению деятельности органов местного самоуправления и муниципальных учреждений | B44: 65 | C44: 1 | D44: 00 | E44: 44205 | J44: =J45 -> 151.39104 | K44: =K45 -> 0 | L44: =L45 -> 0
A45: Расходы на выплаты персоналу в целях обеспечения выполнения функций государственными (муниципальными) органами, казенными учреждениями, органами управления государственными внебюджетными фондами | B45: 65 | C45: 1 | D45: 00 | E45: 44205 | F45: 100 | J45: =J46 -> 151.39104 | K45: =K46 -> 0 | L45: =L46 -> 0
A46: Расходы на выплаты персоналу государственных (муниципальных) органов | B46: 65 | C46: 1 | D46: 00 | E46: 44205 | F46: 120 | J46: =J47 -> 151.39104 | K46: =K47 -> 0 | L46: =L47 -> 0
A47: Общегосударственные вопросы | B47: 65 | C47: 1 | D47: 00 | E47: 44205 | F47: 120 | G47: 01 | J47: =J48 -> 151.39104 | K47: =K48 -> 0 | L47: =L48 -> 0
A48: Функционирование высшего должностного лица субъекта Российской Федерации и муниципального образования | B48: 65 | C48: 1 | D48: 00 | E48: 44205 | F48: 120 | G48: 01 | H48: 02 | J48: =J49 -> 151.39104 | K48: =K49 -> 0 | L48: =L49 -> 0
A49: Администрация Паевского сельского поселения Кадошкинского муниципального района Республики Мордовия | B49: 65 | C49: 1 | D49: 00 | E49: 44205 | F49: 120 | G49: 01 | H49: 02 | I49: 918 | J49: ='Прил 2'!J18 -> 151.39104 | K49: ='Прил 2'!K18 -> 0 | L49: ='Прил 2'!L18 -> 0
A50: Непрограммные расходы в рамках обеспечения деятельности администрации | B50: 65 | C50: 2 | J50: =J51+J57+J72 -> 1489.219 | K50: =K51+K57 -> 232.6 | L50: =L51+L57 -> 240.2
A51: Расходы на выплаты по оплате труда работников органов местного самоуправления | B51: 65 | C51: 2 | D51: 00 | E51: 41110 | J51: =J52 -> 658.8 | K51: =K54 -> 164 | L51: =L54 -> 119.8
A52: Расходы на выплаты персоналу в целях обеспечения выполнения функций государственными (муниципальными) органами, казенными учреждениями, органами управления государственными внебюджетными фондами | B52: 65 | C52: 2 | D52: 00 | E52: 41110 | F52: 100 | J52: =J53 -> 658.8 | K52: =K53 -> 164 | L52: =L53 -> 119.8
A53: Расходы на выплаты персоналу государственных (муниципальных) органов | B53: 65 | C53: 2 | D53: 00 | E53: 41110 | F53: 120 | J53: =J54 -> 658.8 | K53: =K54 -> 164 | L53: =L54 -> 119.8
A54: Общегосударственные вопросы | B54: 65 | C54: 2 | D54: 00 | E54: 41110 | F54: 120 | G54: 01 | J54: =J55 -> 658.8 | K54: =K55 -> 164 | L54: =L55 -> 119.8
A55: Функционирование Правительства Российской Федерации, высших органов исполнительной власти субъектов Российской Федерации, местных администраций | B55: 65 | C55: 2 | D55: 00 | E55: 41110 | F55: 120 | G55: 01 | H55: 04 | J55: =J56 -> 658.8 | K55: =K56 -> 164 | L55: =L56 -> 119.8
A56: Администрация Паевского сельского поселения Кадошкинского муниципального района Республики Мордовия | B56: 65 | C56: 2 | D56: 00 | E56: 41110 | F56: 120 | G56: 01 | H56: 04 | I56: 918 | J56: ='Прил 2'!J24 -> 658.8 | K56: ='Прил 2'!K24 -> 164 | L56: ='Прил 2'!L24 -> 119.8
A57: Расходы на обеспечение функций органов местного самоуправленя | B57: 65 | C57: 2 | D57: 00 | E57: 41120 | J57: =J58+J63 -> 325.75 | K57: =K58+K63 -> 68.6 | L57: =L58+L63 -> 120.4
A58: Закупка товаров, работ и услуг для обеспечения государственных (муниципальных) нужд | B58: 65 | C58: 2 | D58: 00 | E58: 41120 | F58: 200 | J58: =J59 -> 242.3 | K58: =K59 -> 42.8 | L58: =L59 -> 94.6
A59: Иные закупки товаров, работ и услуг для обеспечения государственных (муниципальных) нужд | B59: 65 | C59: 2 | D59: 00 | E59: 41120 | F59: 240 | J59: =J60 -> 242.3 | K59: =K60 -> 42.8 | L59: =L60 -> 94.6
A60: Общегосударственные вопросы | B60: 65 | C60: 2 | D60: 00 | E60: 41120 | F60: 240 | G60: 01 | J60: =J61 -> 242.3 | K60: =K61 -> 42.8 | L60: =L61 -> 94.6
A61: Функционирование Правительства Российской Федерации, высших органов исполнительной власти субъектов Российской Федерации, местных администраций | B61: 65 | C61: 2 | D61: 00 | E61: 41120 | F61: 240 | G61: 01 | H61: 04 | J61: =J62 -> 242.3 | K61: =K62 -> 42.8 | L61: =L62 -> 94.6
A62: Администрация Паевского сельского поселения Кадошкинского муниципального района Республики Мордовия | B62: 65 | C62: 2 | D62: 00 | E62: 41120 | F62: 240 | G62: 01 | H62: 04 | I62: 918 | J62: ='Прил 2'!J26 -> 242.3 | K62: ='Прил 2'!K26 -> 42.8 | L62: ='Прил 2'!L26 -> 94.6
A63: Закупка товаров, работ и услуг для обеспечения государственных (муниципальных) нужд | B63: 65 | C63: 2 | D63: 00 | E63: 41120 | F63: 800 | J63: =J64+J68 -> 83.45 | K63: =K64+K68 -> 25.8 | L63: =L64+L68 -> 25.8
A64: Исполнение судебных актов | B64: 65 | C64: 2 | D64: 00 | E64: 41120 | F64: 830 | J64: =J65 -> 15.1 | K64: =K65 -> 0 | L64: =L65 -> 0
A65: Общегосударственные вопросы | B65: 65 | C65: 2 | D65: 00 | E65: 41120 | F65: 830 | G65: 01 | J65: =J66 -> 15.1 | K65: =K66 -> 0 | L65: =L66 -> 0
A66: Функционирование Правительства Российской Федерации, высших органов исполнительной власти субъектов Российской Федерации, местных администраций | B66: 65 | C66: 2 | D66: 00 | E66: 41120 | F66: 830 | G66: 01 | H66: 04 | J66: =J67 -> 15.1 | K66: =K67 -> 0 | L66: =L67 -> 0
A67: Администрация Паевского сельского поселения Кадошкинского муниципального района Республики Мордовия | B67: 65 | C67: 2 | D67: 00 | E67: 41120 | F67: 830 | G67: 01 | H67: 04 | I67: 918 | J67: ='Прил 2'!J29 -> 15.1 | K67: ='Прил 2'!K29 -> 0 | L67: ='Прил 2'!L29 -> 0
A68: Иные закупки товаров, работ и услуг для обеспечения государственных (муниципальных) нужд | B68: 65 | C68: 2 | D68: 00 | E68: 41120 | F68: 850 | J68: =J69 -> 68.35 | K68: =K69 -> 25.8 | L68: =L69 -> 25.8
A69: Общегосударственные вопросы | B69: 65 | C69: 2 | D69: 00 | E69: 41120 | F69: 850 | G69: 01 | J69: =J70 -> 68.35 | K69: =K70 -> 25.8 | L69: =L70 -> 25.8
A70: Функционирование Правительства Российской Федерации, высших органов исполнительной власти субъектов Российской Федерации, местных администраций | B70: 65 | C70: 2 | D70: 00 | E70: 41120 | F70: 850 | G70: 01 | H70: 04 | J70: =J71 -> 68.35 | K70: =K71 -> 25.8 | L70: =L71 -> 25.8
A71: Администрация Паевского сельского поселения Кадошкинского муниципального района Республики Мордовия | B71: 65 | C71: 2 | D71: 00 | E71: 41120 | F71: 850 | G71: 01 | H71: 04 | I71: 918 | J71: ='Прил 2'!J30 -> 68.35 | K71: ='Прил 2'!K28 -> 25.8 | L71: ='Прил 2'!L28 -> 25.8
A72: Субсидии на софинансирование расходных обязательств по финансовому обеспечению деятельности органов местного самоуправления и муниципальных учреждений | B72: 65 | C72: 2 | D72: 00 | E72: 44205 | J72: =J73+J78+J83 -> 504.66896 | K72: =K73+K78 -> 0 | L72: =L73+L78 -> 0
A73: Расходы на выплаты персоналу в целях обеспечения выполнения функций государственными (муниципальными) органами, казенными учреждениями, органами управления государственными внебюджетными фондами | B73: 65 | C73: 2 | D73: 00 | E73: 44205 | F73: 100 | J73: =J74 -> 402.1238 | K73: =K74 -> 0 | L73: =L74 -> 0
A74: Расходы на выплаты персоналу государственных (муниципальных) органов | B74: 65 | C74: 2 | D74: 00 | E74: 44205 | F74: 120 | J74: =J75 -> 402.1238 | K74: =K75 -> 0 | L74: =L75 -> 0
A75: Общегосударственные вопросы | B75: 65 | C75: 2 | D75: 00 | E75: 44205 | F75: 120 | G75: 01 | J75: =J76 -> 402.1238 | K75: =K76 -> 0 | L75: =L76 -> 0
A76: Функционирование Правительства Российской Федерации, высших органов исполнительной власти субъектов Российской Федерации, местных администраций | B76: 65 | C76: 2 | D76: 00 | E76: 44205 | F76: 120 | G76: 01 | H76: 04 | J76: =J77 -> 402.1238 | K76: =K77 -> 0 | L76: =L77 -> 0
A77: Администрация Паевского сельского поселения Кадошкинского муниципального района Республики Мордовия | B77: 65 | C77: 2 | D77: 00 | E77: 44205 | F77: 120 | G77: 01 | H77: 04 | I77: 918 | J77: ='Прил 2'!J33 -> 402.1238 | K77: ='Прил 2'!K33 -> 0 | L77: ='Прил 2'!L33 -> 0
A78: Иные закупки товаров, работ и услуг для обеспечения государственных (муниципальных) нужд | B78: 65 | C78: 2 | D78: 00 | E78: 44205 | F78: 200 | J78: =J79 -> 77.51615 | K78: =K79 -> 0 | L78: =L79 -> 0
A79: Прочая закупка товаров, работ и услуг | B79: 65 | C79: 2 | D79: 00 | E79: 44205 | F79: 240 | J79: =J80 -> 77.51615 | K79: =K80 -> 0 | L79: =L80 -> 0
A80: Общегосударственные вопросы | B80: 65 | C80: 2 | D80: 00 | E80: 44205 | F80: 240 | G80: 01 | J80: =J81 -> 77.51615 | K80: =K81 -> 0 | L80: =L81 -> 0
A81: Функционирование Правительства Российской Федерации, высших органов исполнительной власти субъектов Российской Федерации, местных администраций | B81: 65 | C81: 2 | D81: 00 | E81: 44205 | F81: 240 | G81: 01 | H81: 04 | J81: =J82 -> 77.51615 | K81: =K82 -> 0 | L81: =L82 -> 0
A82: Администрация Паевского сельского поселения Кадошкинского муниципального района Республики Мордовия | B82: 65 | C82: 2 | D82: 00 | E82: 44205 | F82: 240 | G82: 01 | H82: 04 | I82: 918 | J82: ='Прил 2'!J35 -> 77.51615 | K82: ='Прил 2'!K35 -> 0 | L82: ='Прил 2'!L35 -> 0
A83: Закупка товаров, работ и услуг для обеспечения государственных (муниципальных) нужд | B83: 65 | C83: 2 | D83: 00 | E83: 44205 | F83: 800 | J83: =J84 -> 25.02901 | K83: =K84 -> 0 | L83: =L84 -> 0
A84: Иные закупки товаров, работ и услуг для обеспечения государственных (муниципальных) нужд | B84: 65 | C84: 2 | D84: 00 | E84: 44205 | F84: 850 | J84: =J85 -> 25.02901 | K84: =K85 -> 0 | L84: =L85 -> 0
A85: Общегосударственные вопросы | B85: 65 | C85: 2 | D85: 00 | E85: 44205 | F85: 850 | G85: 01 | J85: =J86 -> 25.02901 | K85: =K86 -> 0 | L85: =L86 -> 0
A86: Функционирование Правительства Российской Федерации, высших органов исполнительной власти субъектов Российской Федерации, местных администраций | B86: 65 | C86: 2 | D86: 00 | E86: 44205 | F86: 850 | G86: 01 | H86: 04 | J86: =J87 -> 25.02901 | K86: =K87 -> 0 | L86: =L87 -> 0
A87: Администрация Паевского сельского поселения Кадошкинского муниципального района Республики Мордовия | B87: 65 | C87: 2 | D87: 00 | E87: 44205 | F87: 850 | G87: 01 | H87: 04 | I87: 918 | J87: ='Прил 2'!J37 -> 25.02901 | K87: ='Прил 2'!K37 -> 0 | L87: ='Прил 2'!L37 -> 0
A88: Непрограммные расходы главных распорядителей средств бюджета Паевского сельского поселения Кадошкинского муниципального района Республики Мордовия | B88: 89 | J88: =J89 -> 2205.6875 | K88: =K89 -> 587.9 | L88: =L89 -> 632.9
A89: Непрограммные расходы в рамках обеспечения деятельности главных распорядителей средств бюджета Паевского сельского поселения Кадошкинского муниципального района Республики Мордовия | B89: 89 | C89: 1 | J89: =J95+J101+J107+J131+J137+J143+J154+J119+J125+J148+J108+J155 -> 2205.6875 | K89: =K95+K101+K107+K131+K137+K143+K154+K119+K125+K148+K108 -> 587.9 | L89: =L95+L101+L107+L131+L137+L143+L154+L119+L125+L148+L108 -> 632.9
A90: Доплаты к пенсиям муниципальных служащих | B90: 89 | C90: 1 | D90: 00 | E90: 03010 | J90: =J93 -> 113.9 | K90: =K93 -> 80.9 | L90: =L93 -> 53.9
A91: Социальное обеспечение и иные выплаты населению | B91: 89 | C91: 1 | D91: 00 | E91: 03010 | F91: 300 | J91: =J92 -> 113.9 | K91: =K92 -> 80.9 | L91: =L92 -> 53.9
A92: Публичные нормативные социальные выплаты гражданам | B92: 89 | C92: 1 | D92: 00 | E92: 03010 | F92: 310 | J92: =J93 -> 113.9 | K92: =K93 -> 80.9 | L92: =L93 -> 53.9
A93: Социальная политика | B93: 89 | C93: 1 | D93: 00 | E93: 03010 | F93: 310 | G93: 10 | J93: =J94 -> 113.9 | K93: =K94 -> 80.9 | L93: =L94 -> 53.9
A94: Пенсионное обеспечение | B94: 89 | C94: 1 | D94: 00 | E94: 03010 | F94: 310 | G94: 10 | H94: 01 | J94: =J95 -> 113.9 | K94: =K95 -> 80.9 | L94: =L95 -> 53.9
A95: Администрация Паевского сельского поселения Кадошкинского муниципального района Республики Мордовия | B95: 89 | C95: 1 | D95: 00 | E95: 03010 | F95: 310 | G95: 10 | H95: 01 | I95: 918 | J95: ='Прил 2'!J109 -> 113.9 | K95: ='Прил 2'!K109 -> 80.9 | L95: ='Прил 2'!L109 -> 53.9
A96: Резервный фонд администрации Паевского сельского поселения Кадошкинского муниципального района Республики Мордовия | B96: 89 | C96: 1 | D96: 00 | E96: 41180 | J96: =J99 -> 1 | K96: =K99 -> 1 | L96: =L99 -> 1
A97: Иные бюджетные ассигнования | B97: 89 | C97: 1 | D97: 00 | E97: 41180 | F97: 800 | J97: =J98 -> 1 | K97: =K98 -> 1 | L97: =L98 -> 1
A98: Резервные средства | B98: 89 | C98: 1 | D98: 00 | E98: 41180 | F98: 870 | J98: =J99 -> 1 | K98: =K99 -> 1 | L98: =L99 -> 1
A99: Общегосударственные вопросы | B99: 89 | C99: 1 | D99: 00 | E99: 41180 | F99: 870 | G99: 01 | J99: =J100 -> 1 | K99: =K100 -> 1 | L99: =L100 -> 1
A100: Резервные фонды | B100: 89 | C100: 1 | D100: 00 | E100: 41180 | F100: 870 | G100: 01 | H100: 11 | J100: =J101 -> 1 | K100: =K101 -> 1 | L100: =L101 -> 1
...

Sheet Прил 5
C1: Приложение 5 к решению Совета депутатов Паевского сельского поселения "О бюджете Паевского сельского поселения Кадошкинского муниципального района Республики Мордовия на 2022 год и на плановый период 2023 и 2024 годов"
A2: ИСТОЧНИКИ ВНУТРЕННЕГО ФИНАНСИРОВАНИЯ ДЕФИЦИТА БЮДЖЕТА ПАЕВСКОГО СЕЛЬСКОГО ПОСЕЛЕНИЯ КАДОШКИНСКОГО МУНИЦИПАЛЬНОГО РАЙОНА РЕСПУБЛИКИ МОРДОВИЯ НА 2022 ГОД И НА ПЛАНОВЫЙ ПЕРИОД 2023 И 2024 ГОДОВ
E3: (тыс.руб.)
A4: Код | B4: Наименование кода группы, подгруппы, статьи, вида источника финансирования дефицитов бюджетов, кода классификации операций сектора государственного управления, относящихся к источникам финансирования дефицитов бюджетов Российской Федерации | C4: Сумма (тыс. руб.)
C5: 2022 год | D5: 2023 год | E5: 2024 год
A6: 000 01 00 00 00 00 0000 000 | B6: ИСТОЧНИКИ ВНУТРЕННЕГО ФИНАНСИРОВАНИЯ ДЕФИЦИТОВ БЮДЖЕТОВ | C6: =C7+C10+C14 -> -0.00889 | D6: =D7+D10+D14 -> -70.4 | E6: =E7+E10+E14 -> -93.8
A7: 000 01 02 00 00 00 0000 000 | B7: Кредиты кредитных организаций в валюте Российской Федерации | C7: =SUM(C8) -> 0 | D7: =SUM(D8) -> 0 | E7: =SUM(E8) -> 0
A8: 000 01 02 00 00 00 0000 700 | B8: Получение кредитов от кредитных организаций в валюте Российской Федерации | C8: =SUM(C9) -> 0 | D8: =SUM(D9) -> 0 | E8: =SUM(E9) -> 0
A9: 000 01 02 00 00 10 0000 710 | B9: Получение кредитов от кредитных организаций бюджетами сельских поселений в валюте Российской Федерации | C9: 0 | D9: 0 | E9: 0
A10: 000 01 03 00 00 00 0000 000 | B10: Бюджетные кредиты из других бюджетов бюджетной системы Российской Федерации | C10: =C11 -> 0 | D10: =D11 -> -70.4 | E10: =E11 -> -93.8
A11: 000 01 03 01 00 00 0000 800 | B11: Погашение бюджетных кредитов, полученных из других бюджетов бюджетной системы Российской Федерации в валюте Российской Федерации | C11: =C12 -> 0 | D11: =D12 -> -70.4 | E11: =E12 -> -93.8
A12: 000 01 03 01 00 10 0000 800 | B12: Погашение бюджетных кредитов, полученных из других бюджетов бюджетной системы Российской Федерации в валюте Российской Федерации | C12: =SUM(C13) -> 0 | D12: =SUM(D13) -> -70.4 | E12: =SUM(E13) -> -93.8
A13: 000 01 03 01 00 10 0000 810 | B13: Погашение бюджетами сельских поселений кредитов из других бюджетов бюджетной системы Российской Федерации в валюте Российской Федерации | C13: 0 | D13: -70.4 | E13: -93.8
A14: 000 01 05 00 00 00 0000 000 | B14: Изменение остатков средств на счетах по учету средств бюджетов | C14: =C17+C18 -> -0.00889 | D14: =D17+D18 -> 0 | E14: =E17+E18 -> 0
A15: 000 01 05 02 00 00 0000 500 | B15: Увеличение прочих остатков средств бюджетов | C15: =SUM(C16) -> -4187.4064 | D15: =SUM(D16) -> -1027.4 | E15: =SUM(E16) -> -1103.2
A16: 000 01 05 02 01 00 0000 510 | B16: Увеличение прочих остатков денежных средств бюджетов | C16: =SUM(C17) -> -4187.4064 | D16: =SUM(D17) -> -1027.4 | E16: =SUM(E17) -> -1103.2
A17: 000 01 05 02 01 10 0000 510 | B17: Увеличение прочих остатков денежных средств бюджетов сельских поселений | C17: =-('Прил 1'!C7+C9) -> -4187.4064 | D17: =-('Прил 1'!D7+D9) -> -1027.4 | E17: =-('Прил 1'!E7+E9) -> -1103.2
A18: 000 01 05 02 00 00 0000 600 | B18: Уменьшение прочих остатков средств бюджетов | C18: =SUM(C19) -> 4187.3975 | D18: =SUM(D19) -> 1027.4 | E18: =SUM(E19) -> 1103.2
A19: 000 01 05 02 01 00 0000 610 | B19: Уменьшение прочих остатков денежных средств бюджетов | C19: =SUM(C20) -> 4187.3975 | D19: =SUM(D20) -> 1027.4 | E19: =SUM(E20) -> 1103.2
A20: 000 01 05 02 01 10 0000 610 | B20: Уменьшение прочих остатков денежных средств бюджетов сельских поселений | C20: ='Прил 3 '!I7-C13 -> 4187.3975 | D20: ='Прил 3 '!J7-D13 -> 1027.4 | E20: ='Прил 3 '!K7-E13 -> 1103.2

Sheet Прил 6
C1: Приложение 6 к решению Совета депутатов Паевского сельского поселения "О бюджете Паевского сельского поселения Кадошкинского муниципального района Республики Мордовия на 2022 год и на плановый период 2023 и 2024 годов"
A2: ПРОГРАММА МУНИЦИПАЛЬНЫХ ВНУТРЕННИХ ЗАИМСТВОВАНИЙ ПАЕВСКОГО СЕЛЬСКОГО ПОСЕЛЕНИЯ КАДОШКИНСКОГО МУНИЦИПАЛЬНОГО РАЙОНА РЕСПУБЛИКИ МОРДОВИЯ НА 2022 ГОД И НА ПЛАНОВЫЙ ПЕРИОД 2023 И 2024 ГОДОВ
A5: № п/п | B5: Виды заимствований | C5: Сумма (тыс.руб.)
C6: 2022 год | D6: 2023 год | E6: 2024 год
A7: 1 | B7: 2 | C7: 3 | D7: 4 | E7: 5
A8: I | B8: Кредиты кредитных организаций в валюте Российской Федерации | C8: =C10 -> 0 | D8: =D10 -> 0 | E8: =E10 -> 0
B9: в том числе:
A10: 1 | B10: Объем привлечения
A11: 2 | B11: Объем средств, напрвляемых на погашение основной суммы долга
A12: II | B12: Бюджетные кредиты от других бюджетов бюджетной системы Российской Федерации | C12: =C15 -> 0 | D12: =D15 -> -70.4 | E12: =E15 -> -93.8
B13: в том числе
A14: 1 | B14: Объем привлечения
A15: 2 | B15: Объем средств, напрвляемых на погашение основной суммы долга | C15: ='Прил 5'!C13 -> 0 | D15: ='Прил 5'!D13 -> -70.4 | E15: ='Прил 5'!E13 -> -93.8
B16: ВСЕГО | C16: =C10+C15 -> 0 | D16: =D10+D15 -> -70.4 | E16: =E10+E15 -> -93.8
